Workbook
Name centro_gestor: Listados!$C$2:$C$28
Name excepcional: Listados!$A$17:$A$23
Name fondo: Listados!$R$2:$R$924
Name gasto_publico: Listados!$Y$2:$Y$7
Name grupos_vulnerables: Listados!$A$26:$A$32
Name meta_plan: Listados!$I$2:$I$354
Name meta_territorio: Listados!$L$2:$L$399
Name movilizador: Listados!$A$35:$A$92
Name politica_publica: Listados!$W$2:$W$21
Name pospre: Listados!$O$2:$O$475
Name producto_mga: Listados!$AA$2:$AA$2382
Name Programa_PDD: Listados!$F$2:$F$22
Name ruta: Listados!$A$2:$A$3
Name sector_mga: Listados!$U$2:$U$32

Sheet Listados
A1: DECISIÓN | C1: Centro Gestor | D1: Denominación Centro Gestor | F1: Código Programa PDD | G1: Programa PDD | I1: Meta Plan de Desarrollo | L1: Metal Plan de Desarrollo Comuna o Corregimiento | O1: Codigo POSPRE | P1: Denominación POSPRE | R1: Codigo Fondo | S1: Denominación Fondo | U1: Sector MGA | W1: POLÍTICAS PÚBLICAS | Y1: SECTORES GASTO PUBLICO SOCIAL | AA1: Código del Producto | AB1: Producto | AC1: Código del Indicador de Producto | AD1: Indicador de Producto | AE1: Unidad de medida
A2: Si | C2: 4112 | D2: Secretaría de Gobierno | F2: 6101001 | G2: Espacios públicos seguros | I2: 61010010001 | J2: Zonas públicas WiFi operando en el Distrito de Santiago de Cali | L2: 62020010013-0101 | M2: A diciembre de 2027, se han adecuado o rehabilitado 2 parques y zonas verdes para la conservación ambiental de la comuna | O2: NO* 2.3 | P2: Inversión | R2: 1.2.1.0.00 | S2: Ingresos corrientes de Libre Destinación | U2: 01-Congreso | W2: Acuerdo 539 de 2022 Por el cual se adopta la política pública para las mujeres de Cali: reconocimiento, equidad de género e igualdad de oportunidades 2022 - 2031 y se dictan otras disposiciones | Y2: Salud | AA2: 0401001 | AB2: Bases de datos de la temática de Demografía y Población | AC2: 040100100 | AD2: Bases de datos de la temática de Demografía y Población anonimizadas producidas | AE2: Número
A3: No | C3: 4121 | D3: Departamento Administrativo de Gestión Jurídica Pública | F3: 6101002 | G3: Prevención y resolución de conflictos | I3: 61010010002 | J3: Alumbrado público modernizado y eficiente | L3: 62010040006-0102 | M3: A diciembre de 2027, se han capacitado 150 personas en conociemiento ambiental en el marco de la Política Pública de Educacón Ambiental | O3: NO* 2.3.1 | P3: Gastos de personal | R3: 1.2.1.0.00 | S3: Ingresos corrientes de Libre Destinación | U3: 02-Presidencia de la república | W3: Acuerdo 392 de 2015 Por medio del cual se adopta la política pública de primera infancia, infancia y adolescencia 2015 - 2024, Cali, municipio responsable y amigo de los niños, niñas y adolescentes y se dictan otras disposiciones | Y3: Educacion | AA3: 0401004 | AB3: Bases de Datos de la temática de Mercado Laboral | AC3: 040100400 | AD3: Bases de datos de la temática de Mercado Laboral producidas en el archivo nacional de datos | AE3: Número
C4: 4123 | D4: Departamento Administrativo de Control Interno | F4: 6101003 | G4: Proyectos de vida para los jóvenes | I4: 61010010003 | J4: Intervenciones integrales para la mejora del área de espacio público afectada por residuos sólidos realizadas. | L4: 62020010011-0103 | M4: A diciembre de 2027, se han establecido 27 procesos de restauración en areas de ecosistema | O4: NO* 2.3.1.01 | P4: Planta de personal permanente | R4: 1.2.2.0.00.01 | S4: Servicios de expedición de permisos, conceptos ambientales | U4: 03-Planeación | W4: Acuerdo 420 de 2017 Por el cual se adopta la política pública de envejecimiento y vejez para las personas mayores en el municipio de Santiago de Cali 2017 - 2027 | Y4: Saneamiento ambiental | AA4: 0401005 | AB4: Bases de Datos de la temática de Pobreza y Condiciones de Vida | AC4: 040100500 | AD4: Bases de Datos de la temática de Pobreza y Condiciones de Vida publicadas | AE4: Número
A5: TIPO DE RECURSO | C5: 4124 | D5: Departamento Administrativo de Control Disciplinario Interno | F5: 6101004 | G5: Vigilancia y Prevención del Delito | I5: 61010010004 | J5: Luminarias instaladas LED en fuentes, monumentos y bienes de interés cultural con sistemas de iluminación ornamental conservadas | L5: 62020010021-0104 | M5: A diciembre de 2027, se han realizado 9 asistencias técnicas en la implementación de alternativas de aprovechamiento de residuos sólidos orgánicos en la comuna | O5: NO* 2.3.1.01.01 | P5: Factores constitutivos de salario | R5: 1.2.2.0.00.02 | S5: Contribución y recargos valorización | U5: 04-Información estadística | W5: Acuerdo 411 de 2017 Por el cual se adopta la política pública de mejoramiento integral del hábitat de los asentamientos humanos precarios en el municipio de Santiago de Cali - mi hábitat y se dictan otras disposiciones | Y5: Agua potable | AA5: 0401006 | AB5: Bases de Datos de la temática de Salud | AC5: 040100600 | AD5: Bases de Datos de la temática de Salud publicadas | AE5: Número
A6: Propios | C6: 4131 | D6: Departamento Administrativo de Hacienda | F6: 6102001 | G6: Cali Educada | I6: 61010010005 | J6: Sistema de telegestión para alumbrado públlico implementado | L6: 61020030021-0105 | M6: A diciembre de 2027, se han vinculado 3200 niñas, niños, adolescentes, jóvenes, adultos y adultos mayores (incluidos con discapacidad) a actividades deportivas y aprovechamiento del tiempo libre. | O6: NO* 2.3.1.01.01.001 | P6: Factores salariales comunes | R6: 1.2.2.0.00.03 | S6: Impuesto de Circulación y Tránsito Sobre Vehículos de Servicio Público - S.I.T.MIO | U6: 05-Empleo público | W6: Acuerdo 424 de 2017 Por medio del cual se adopta la política pública de regulación y organización de ventas informales en el espacio público en el municipio de Santiago de Cali | Y6: Deporte y recreación | AA6: 0401007 | AB6: Boletines Técnicos de la Temática Agropecuaria | AC6: 040100700 | AD6: Boletines Técnicos de la Temática Agropecuaria producidos | AE6: Número
A7: SGP Educación | C7: 4132 | D7: Departamento Administrativo de Planeación Municipal | F7: 6102002 | G7: Desarrollo productivo | I7: 61010020001 | J7: Jóvenes asistidos técnicamente en prácticas organizativas en el territorio | L7: 62010010014-0106 | M7: A diciembre de 2027, se ha realizado 1 intervenciones de adecuación o mantenimiento a escenarios deportivos y recreativos de la comuna (previo concepto técnico) | O7: NO* 2.3.1.01.01.001.01 | P7: Sueldo básico | R7: 1.2.2.0.00.04 | S7: Conceptos técnicos aprovechamiento de las aguas subterráneas y superficiales | U7: 11-Relaciones exteriores | W7: Acuerdo 422 de 2017 Por el cual se adopta la política pública municipal de educación ambiental de Santiago de Cali 2017 - 2036 | Y7: Vivienda | AA7: 0401008 | AB7: Boletines Técnicos de la Temática Ambiental | AC7: 040100800 | AD7: Boletines Técnicos de la Temática Ambiental producidos | AE7: Número
A8: SGP Salud | C8: 4133 | D8: Departamento Administrativo de Gestión del Medio Ambiente | F8: 6102003 | G8: Cali Distrito Deportivo, Cultural y Turístico | I8: 61010020002 | J8: Mujeres víctimas de violencias basadas en género y su núcleo familiar vinculadas a servicios de atención integral | L8: 61020030016-0107 | M8: A diciembre de 2027, se han realizado 2 eventos deportivos y recreativos en la comuna 1 | O8: NO* 2.3.1.01.01.001.01.01 | P8: Sueldo básico Docente | R8: 1.2.2.0.00.05 | S8: Sanciones por Violación de Normas - DAGMA | U8: 12-Justicia y del derecho | W8: Acuerdo 463 de 2019 Por el cual se adopta la política pública de desarrollo económico de Santiago de Cali y se dictan otras disposiciones | AA8: 0401010 | AB8: Boletines Técnicos Temática Construcción | AC8: 040101000 | AD8: Boletines Técnicos Temática Construcción producidos | AE8: Número
A9: SGP Agua Potable y Saneamiento Básico | C9: 4134 | D9: Departamento Administrativo de Tecnologías de la Información y las Comunicaciones | F9: 6102004 | G9: Salud Integral y de Calidad | I9: 61010020003 | J9: Personas beneficiadas con la oferta de servicios del plan de migrantes y flujos migratorios mixtos | L9: 61020020017-0108 | M9: A diciembre de 2027, se han fortalecido 300 personas del ecosistema empresarial | O9: 2.3.1.01.01.001.01.01.01 | P9: Sueldo Docente Csf | R9: 1.2.2.0.00.06 | S9: Seguimiento plan de saneamiento y manejo de vertimientos | U9: 13-Hacienda | W9: Acuerdo 470 de 2019 Por el cual se adopta la política pública de soberanía y seguridad alimentaria y nutricional del distrito especial de Santiago de Cali y se dictan otras disposiciones | AA9: 0401011 | AB9: Boletines Técnicos Temática Transporte | AC9: 040101100 | AD9: Boletines Técnicos Temática Transporte producidos | AE9: Número
A10: SGP Alimentación Escolar | C10: 4135 | D10: Departamento Administrativo de Contratación Pública | F10: 6102005 | G10: Hambre Cero | I10: 61010020004 | J10: Personas Jóvenes beneficiadas de servicios de atención integral con enfoque de derechos, poblacional, vocacional e interseccional | L10: 61020020019-0109 | M10: A diciembre de 2027, se han formado 20 personas de la comuna 1 en competencias laborales para cierre de brechas | O10: 2.3.1.01.01.001.01.01.02 | P10: Sueldo Docente Ssf | R10: 1.2.2.0.00.07 | S10: Contribucion valorización nuevo plan de obras | U10: 15-Defensa y policía | W10: Acuerdo 461 de 2019 Por medio del cual se adopta la política pública "Cali diversidad" para la garantía del ejercicio efectivo de los derechos de las personas de los sectores sociales LGBTI, y de personas con orientaciones sexuales e identidades de género diversas en Santiago de Cali y se dictan otras disposiciones | AA10: 0401014 | AB10: Boletines Técnicos de la Temática Cultura | AC10: 040101400 | AD10: Boletines Técnicos de la Temática Cultura Producidos | AE10: Número
A11: SGP Primera Infancia | C11: 4137 | D11: Departamento Administrativo de Desarrollo e Innovación Institucional | F11: 6102006 | G11: Atención integral a poblaciones | I11: 61010020005 | J11: Personas vinculadas a estrategias de promoción de derechos y prevención de las violencias basadas en género | L11: 61020030031-0110 | M11: A diciembre de 2027, se han apoyado 4, iniciativas de turismo de la comuna 1 para el desarrollo local | O11: NO* 2.3.1.01.01.001.01.02 | P11: Sueldo básico Directivo Docente | R11: 1.2.2.0.00.08 | S11: Aportes urbanísticos por mayor edificabilidad | U11: 17-Agricultura y desarrollo rural | W11: Acuerdo 464 de 2019 Por el cual se adopta la política pública de juventudes de santiago de Cali y se dictan otras disposiciones | AA11: 0401015 | AB11: Boletines Técnicos para la temática de servicios | AC11: 040101500 | AD11: Boletines Técnicos Temática Servicio producidos | AE11: Número
A12: SGP Propósito General Cultura | C12: 4143 | D12: Secretaría de Educación | F12: 6201001 | G12: Ordenamiento Territorial e Integración Regional | I12: 61010020006 | J12: Casos atendidos en la ruta de riesgo por amenaza (mujeres en riesgo de feminicidio, líderes y lideresas defensores, DD.HH., víctimas del conflicto armado y población vulnerable amenazada en Cali) | L12: 61020010016-0111 | M12: A diciembre de 2027, se ha beneficiado con 4 dotaciones a las sedes educativas oficiales de la comuna 1 | O12: 2.3.1.01.01.001.01.02.01 | P12: Sueldo Directivo Docente Csf | R12: 1.2.2.0.00.09 | S12: Expedición de Licencias de funcionamiento de establecimientos educativos para el trabajo y el desarrollo humano | U12: 19-Salud y protección social | W12: Acuerdo 459 de 2019 Por el cual se adopta la política pública afrocolombiana, negra, palenquera y raizal de santiago de Cali - CaliAfro | AA12: 0401017 | AB12: Boletines Técnicos de la Temática Educación | AC12: 040101700 | AD12: Boletines Técnicos de la Temática Educación Producidos | AE12: Número
A13: SGP Propósito General Deporte | C13: 4145 | D13: Secretaría de Salud Pública | F13: 6201002 | G13: Vivienda sostenible, saneamiento básico y servicios públicos | I13: 61010020007 | J13: Personas beneficiadas a través de estrategia para la atención y prevención de violencias basadas en género | L13: 61020010018-0112 | M13: A diciembre de 2027, se ha realizado 2 intervención de adecuación o mantenimiento, en sede educativa pública de la comuna 1 (previo concepto de viabilidad técnica) | O13: 2.3.1.01.01.001.01.02.02 | P13: Sueldo Directivo Docente Ssf | R13: 1.2.2.0.00.10 | S13: Fondo de Promoción de la Movilidad Sostenible | U13: 21-Minas y energía | W13: Decreto 411.2.010.20.0507 de 2017 Por el cual se da cumplimiento a la Sentencia T-291 de 20 de abril de 2009 y Auto A-117 de 6 de mayo de 2014 y se dictan otras disposiciones - política pública de recicladores de oficio | AA13: 0401019 | AB13: Boletines Técnicos de la Temática Industria | AC13: 040101900 | AD13: Boletines Técnicos de la Temática Industria producidos | AE13: Número
A14: SGP Propósito General Otros Sectores | C14: 4146 | D14: Secretaría de Bienestar Social | F14: 6201003 | G14: Movilidad segura y sostenible | I14: 61010020008 | J14: Personas beneficiadas a través de la promoción de los servicios de acceso a la justicia | L14: 62010010012-0113 | M14: A diciembre de 2027, se ha dotado 1 espacio cultural de la comuna | O14: NO* 2.3.1.01.01.001.01.03 | P14: Sueldo básico Administrativo | R14: 1.2.2.0.00.11 | S14: Recursos Convenio Municipio CDAV | U14: 22-Educación | W14: Acuerdo 549 de 2022 Por el cual se adopta la política pública de turismo de Santiago de Cali 2022 - 2023 y se dictan otras disposiciones | AA14: 0401020 | AB14: Boletines Técnicos de la Temática Mercado Laboral | AC14: 040102000 | AD14: Boletines Técnicos de la Temática Mercado Laboral producidos | AE14: Número
C15: 4147 | D15: Secretaría de Vivienda Social y Hábitat | F15: 6201004 | G15: Planificación para el desarrollo | I15: 61010020009 | J15: Niñas y niños de primera infancia con experiencias en juego, lúdica y recreación beneficiados. | L15: 61020030011-0114 | M15: A diciembre de 2027, se han vinculado en procesos de educación informal al sector artístico y cultural a 900 personas de diferentes grupos poblacionales de la comuna | O15: 2.3.1.01.01.001.01.03.01 | P15: Sueldo Administrativo | R15: 1.2.2.0.00.12 | S15: Participación en la Plusvalía | U15: 23-Tecnologías de la información y las comunicaciones | W15: Acuerdo 560 de 2022 Por el cual se adopta la política pública del deporte, la recreación y la actividad física "Cali ciudad deportiva" y se dictan otras disposiciones. | AA15: 0401021 | AB15: Boletines Técnicos de la Temática Pobreza y Condiciones de Vida | AC15: 040102100 | AD15: Boletines Técnicos de la Temática Pobreza y Condiciones de Vida Producidos | AE15: Número
A16: SITUACIONES EXCEPCIONALES | C16: 4148 | D16: Secretaría de Cultura | F16: 6202001 | G16: Protección ambiental y mitigación del cambio climático | I16: 61010020010 | J16: Niñas, niños de infancia, adolescencia, juventud y sus cuidadores con experiencias en juego, lúdica y recreación beneficiados . | L16: 61020030004-0115 | M16: A diciembre de 2027, se han realizado 6 eventos artisticos y culturales para promover la identidad y vocación cultural de la comuna | O16: 2.3.1.01.01.001.01.03.02 | P16: Incremento Por Antigüedad Administrativo | R16: 1.2.2.0.00.13 | S16: Impuesto de Circulación y Tránsito Sobre Vehículos de Servicio Público - Tradicional | U16: 24-Transporte | W16: Acuerdo 562 de 2022 Por medio del cual se adopta la política pública de derechos humanos 2022 - 2031 del distrito especial, deportivo, cultural, turístico, empresarial y de servicios de Santiago de Cali y se dictan otras disposiciones | AA16: 0401022 | AB16: Boletines Técnicos de la Temática Precios y Costos | AC16: 040102200 | AD16: Boletines Técnicos de la Temática Precios y Costos producidos | AE16: Número
A17: Ninguna | C17: 4151 | D17: Secretaría de Infraestructura | F17: 6202002 | G17: Gestión del Riesgo y Atención de Desastres | I17: 61010020011 | J17: Acciones pedagógicas, artísticas y culturales realizadas para el fortalecimiento de buenas prácticas ciudadanas | L17: 61020010018-0201 | M17: A diciembre de 2027, se ha realizado 10 intervención de adecuación o mantenimiento, en sede educativa pública de la comuna (previo concepto de viabilidad técnica) | O17: NO* 2.3.1.01.01.001.02 | P17: Horas extras, dominicales, festivos y recargos | R17: 1.2.2.0.00.14 | S17: Otros derechos de Tránsito | U17: 25-Organismos de control | W17: Acuerdo 501 de 2021 Por el cual se adopta la política pública de salud mental, convivencia social y abordaje del consumo de sustancias psicoactivas en el distrito especial, deportivo, cultural, turístico, empresarial y de servicios de Santiago de Cali "Tejiendo Caleñidad y ciudadanía afectiva" | AA17: 0401023 | AB17: Boletines Técnicos Temática de la Seguridad y Defensa | AC17: 040102300 | AD17: Boletines Técnicos Temática de la Seguridad y Defensa Producidos | AE17: Número
A18: Asociadas a fenomenos de origen biologico: plagas, epidemias | C18: 4152 | D18: Secretaría de Movilidad | F18: 6202003 | G18: Protección animal | I18: 61010020012 | J18: Espacios de mediación, diálogo y reconciliación promovidos | L18: 61020010016-0202 | M18: A diciembre de 2027, se ha beneficiado a 5 sedes educativas oficiales con dotación | O18: 2.3.1.01.01.001.02.01 | P18: Horas extras, dominicales, festivos y recargos Docente | R18: 1.2.2.0.00.15 | S18: Participación del impuesto sobre vehículos automotores | U18: 27-Rama judicial | W18: Acuerdo 568 de 2023 Por el cual se adopta la política pública en cultura ciudadana en Santiago de Cali 2023 - 2032 y se dictan otras disposiciones | AA18: 0401024 | AB18: Boletines Técnicos de la Temática Tecnología e Innovación | AC18: 040102400 | AD18: Boletines Técnicos de la Temática Tecnología e Innovación producidos | AE18: Número
A19: Asociadas a fenomenos de origen humano no intencionales: aglomeracion de publico | C19: 4161 | D19: Secretaría de Seguridad y Justicia | F19: 6301001 | G19: Ciudadanía activa | I19: 61010020013 | J19: Iniciativas de promoción de la Cultura Ciudadana, la paz, la reconciliación y la Justicia Comunitaria y Restaurativa apoyadas o creadas | L19: 62010040006-0203 | M19: A diciembre de 2027, se han capacitado 100 personas en conociemiento ambiental en el marco de la Política Pública de Educacón Ambiental | O19: 2.3.1.01.01.001.02.02 | P19: Horas extras, dominicales, festivos y recargos Directivo Docente | R19: 1.2.2.0.00.16 | S19: Cobros por Estacionamiento en Espacio Público o en Lotes de Parqueo | U19: 28-Registraduría | W19: Acuerdo 565 de 2023 Por el cual se adopta la política pública de ciencia, tecnología e innovación y se dictan otras disposiciones. | AA19: 0401026 | AB19: Cuadros de resultados para la temática agropecuaria | AC19: 040102600 | AD19: Cuadros de resultados para la temática agropecuaria producidos | AE19: Número
A20: Asociadas a fenomenos de origen natural: atmosfericos, hidrologicos, geologicos, otros. | C20: 4162 | D20: Secretaría del Deporte y la Recreación | F20: 6301002 | G20: Gobierno abierto | I20: 61010020014 | J20: Instancias Territoriales de Promoción de la Cultura Ciudadana, Derechos Humanos y Construcción de Paz fortalecidas | L20: 63010020005-0204 | M20: A diciembre de 2027, se ha implementado 1 (una) Plataforma tecnológica de monitoreo ambiental y en operación. | O20: 2.3.1.01.01.001.02.03 | P20: Horas extras, dominicales, festivos y recargos Administrtivo | R20: 1.2.2.0.00.17 | S20: Sobretasa Gasol malla vial | U20: 29-Fiscalía | W20: Ley 1448 de 2011 Política pública para la atención integral a víctimas del comflicto armado | AA20: 0401029 | AB20: Cuadros de resultados para la temática de comercio interno | AC20: 040102900 | AD20: Cuadros de Resultados Temática Comercio Interno producidos | AE20: Número
A21: Asociadas a fenomenos de origen socianatural: inundaciones, movimientos en masa, incedios forestales. | C21: 4163 | D21: Secretaría de Gestión del Riesgo de Emergencias y Desastres | F21: 6302001 | G21: Fortalecimiento institucional | I21: 61010020015 | J21: Personas que participan en procesos pedagógicos de derechos humanos, cultura ciudadana y construcción de paz | L21: 62020010013-0205 | M21: A diciembre de 2027, se han adecuado o rehabilitado 6 parques y zonas verdes para la conservación ambiental de la comuna. | O21: NO* 2.3.1.01.01.001.04 | P21: Subsidio de alimentación | R21: 1.2.2.0.00.18 | S21: Sobt gasol 97%(15%) S.I.T.M. | U21: 32-Ambiente y desarrollo sostenible | W21: Resolución 2063 de 2017 Por la cual se adopta la Política de participación social en salud - PPSS | AA21: 0401031 | AB21: Cuadros de resultados para la temática de cultura | AC21: 040103100 | AD21: Cuadros de resultados para la temática de cultura producidos | AE21: Número
A22: Asociadas a fenomenos de origen tecnologico: quimicos, electricos, mecoanicos, termicos. | C22: 4164 | D22: Secretaría de Paz y Cultura Ciudadana | F22: 6302002 | G22: Trámites rápidos y sin complicaciones | I22: 61010020016 | J22: Política pública de Barrismo formulada y presentada | L22: 61020020017-0206 | M22: A diciembre de 2027, se han fortalecido 300 personas del ecosistema empresarial. | O22: 2.3.1.01.01.001.04.01 | P22: Subsidio de alimentación Docente | R22: 1.2.2.0.00.19 | S22: Impuesto a la Telefonía Urbana | U22: 33-Cultura | AA22: 0401032 | AB22: Cuadros de resultados para la temática de demografía y población | AC22: 040103200 | AD22: Cuadros de resultados para la temática de demografía y población producidos | AE22: Número
A23: Otras | C23: 4171 | D23: Secretaría de Desarrollo Económico | I23: 61010020017 | J23: Política pública de Reconciliación para la Paz formulada | L23: 61020020019-0207 | M23: A diciembre de 2027, se han formado 300 personas de la Comuna en competencias laborales para cierre de brechas. | O23: 2.3.1.01.01.001.04.02 | P23: Subsidio de alimentación Directivo Docente | R23: 1.2.2.0.00.25 | S23: Contribución fondo especial de intervenidas | U23: 35-Comercio, industria y turismo | AA23: 0401033 | AB23: Cuadros de Resultados temática Educación | AC23: 040103300 | AD23: Cuadros de Resultados temática Educación producidos | AE23: Número
C24: 4172 | D24: Secretaría de Turismo | I24: 61010030001 | J24: Adolescentes y/o jóvenes vinculados al Sistema de Responsabilidad Penal atendidos en programas de justicia juvenil restaurativa y terapéutica | L24: 61020030031-0208 | M24: A diciembre de 2027, se han apoyado 4 iniciativas de turismo de la comuna para el desarrollo local | O24: 2.3.1.01.01.001.04.03 | P24: Subsidio de alimentación Administrativo | R24: 1.2.2.0.00.27 | S24: Contribución por el servicio de parqueadero o de estacionamiento en vía | U24: 36-Trabajo | AA24: 0401035 | AB24: Cuadros de resultados para la temática de industria | AC24: 040103500 | AD24: Cuadros de resultados para la temática de industria producidos | AE24: Número
A25: GRUPOS VULNERABLES | C25: 4173 | D25: Secretaría de Desarrollo Territorial y Participación Ciudadana | I25: 61010030002 | J25: Jóvenes atendidos con enfoque diferencial, territorial y de género en estrategias de prevención social de la violencia | L25: 61020060010-0209 | M25: A diciembre de 2027, se han beneficiado 300 personas con discapacidad, sus familias y cuidadores con servicios de atención integral en la comuna | O25: NO* 2.3.1.01.01.001.05 | P25: Auxilio de transporte | R25: 1.2.2.0.00.28 | S25: Contraprestaciones por el uso del espacio público | U25: 37-Interior | AA25: 0401036 | AB25: Cuadros de resultados para la temática de mercado laboral | AC25: 040103600 | AD25: Cuadros de Resultados temática Mercado Laboral producidos | AE25: Número
A26: Niños, Niñas, Adolecentes y Jóvenes | C26: 4181 | D26: Unidad Administrativa Especial de Gestión de Bienes y Servicios | I26: 61010030003 | J26: Personas vinculadas a programas de construcción de paz y promoción de la cultura ciudadana para la generación de oportunidades | L26: 61020060014-0210 | M26: A diciembre de 2027, se han beneficiado 300 personas mayores con servicios de atención integral en la comuna | O26: 2.3.1.01.01.001.05.01 | P26: Auxilio de transporte Docente | R26: 1.2.2.0.00.29 | S26: Sobretasa Gasolina S.I.T.M. MIO | U26: 39-Ciencia, tecnología e innovación | AA26: 0401037 | AB26: Cuadros de resultados para la temática de pobreza y condiciones de vida | AC26: 040103700 | AD26: Cuadros de resultados para la temática de pobreza y condiciones de vida producidos | AE26: Número
A27: Adulto Mayor | C27: 4182 | D27: Unidad Administrativa Especial de Servicios Públicos | I27: 61010040001 | J27: Espacios generados para la consolidación del sistema local de justicia de Cali | L27: 61010030002-0211 | M27: A diciembre de 2027, se han atendido 60 personas en estrategias de prevención social de la violencia | O27: 2.3.1.01.01.001.05.02 | P27: Auxilio de transporte Directivo Docente | R27: 1.2.3.1.01 | S27: Sobretasa / participación ambiental - Corporaciones Autónomas Regionales | U27: 40-Vivienda, ciudad y territorio | AA27: 0401038 | AB27: Cuadros de resultados para la temática de precios y costos | AC27: 040103800 | AD27: Cuadros de resultados para la temática de precios y costos producidos | AE27: Número
A28: Víctimas | C28: 4183 | D28: Unidad Administrativa Especial de Protección Animal | I28: 61010040002 | J28: Estrategias de fortalecimiento a funciones operativas, forenses, investigación y judicialización de las agencias de seguridad implementadas | L28: 62010010014-0212 | M28: A diciembre de 2027, se ha realizado 6 intervenciones de adecuación o mantenimiento a escenarios deportivos y recreativos de la comuna (previo concepto técnico). | O28: 2.3.1.01.01.001.05.03 | P28: Auxilio de transporte Administrativo | R28: 1.2.3.1.03.01 | S28: Impuesto de Circulación y Tránsito Sobre Vehículos de Servicio Público - S.I.T.MIO | U28: 41-Inclusión social y reconciliación | AA28: 0401039 | AB28: Cuadros de resultados para la temática de salud | AC28: 040103900 | AD28: Cuadros de Resultados temática Salud producidos | AE28: Número
A29: Discapacidad | I29: 61010040003 | J29: Estrategias implementadas para la gestión territorial de la seguridad y convivencia | L29: 61020030021-0213 | M29: A diciembre de 2027, se han vinculado 1500 Niñas, niños, adolescentes, jóvenes, adultos y adultos mayores (incluidos con discapacidad) a actividades deportivas y aprovechamiento del tiempo libre. | O29: NO* 2.3.1.01.01.001.06 | P29: Prima de servicio | R29: 1.2.3.1.03.02 | S29: Impuesto de Circulación y Tránsito Sobre Vehículos de Servicio Público - Tradicional | U29: 42-Inteligencia | AA29: 0401040 | AB29: Cuadros de resultados para la temática de seguridad y defensa | AC29: 040104000 | AD29: Cuadros de resultados para la temática de seguridad y defensa producidos | AE29: Número
A30: Mujeres | I30: 61010040004 | J30: Estudios técnicos en seguridad y convivencia realizados | L30: 61020030016-0214 | M30: A diciembre de 2027 se han realizado 4 eventos deportivos y recreativos en la comuna. | O30: 2.3.1.01.01.001.06.01 | P30: Prima de servicio Docente | R30: 1.2.3.1.05.01 | S30: Impuesto de Alumbrado Público - Predio Lotes | U30: 43-Deporte y recreación | AA30: 0401041 | AB30: Cuadros de resultados para la temática de servicios | AC30: 040104100 | AD30: Cuadros de resultados para la temática de Servicio producidos | AE30: Número
A31: Etnias | I31: 61010040005 | J31: Infraestructura de seguridad y justicia mejorada | L31: 61020020017-0301 | M31: A diciembre de 2027, se han fortalecido 400 personas del ecosistema empresarial. | O31: 2.3.1.01.01.001.06.02 | P31: Prima de servicio Directivo Docente | R31: 1.2.3.1.05.02 | S31: Impuesto de Alumbrado Público EMCALI y Otros Comercializadores | U31: 44-Sistema integral de verdad, justicia, reparación y no repetición | AA31: 0401042 | AB31: Cuadros de resultados para la temática de tecnología e innovación | AC31: 040104200 | AD31: Cuadros de Resultados temática Tecnología e Innovación producidos | AE31: Número
A32: Equidad de Genero | I32: 61010040006 | J32: Personas beneficiadas con estrategia para la atención y garantía de derechos de la población privada de la libertad | L32: 61020020019-0302 | M32: A diciembre de 2027, se han formado 150 personas del corregimiento en competencias laborales para cierre de brechas. | O32: 2.3.1.01.01.001.06.03 | P32: Prima de servicio Administrativo | R32: 1.2.3.1.05.03 | S32: Alumb Acdo 357 (10% navideño) | U32: 45-Gobierno territorial | AA32: 0401043 | AB32: Cuadros de resultados para la temática de transporte | AC32: 040104300 | AD32: Cuadros de resultados para la temática de transporte producidos | AE32: Número
I33: 61010040007 | J33: Política Pública de Seguridad y Convivencia Ciudadana formulada y presentada | L33: 63010010006-0303 | M33: A diciembre de 2027, se han intervenido 4 sedes comunales de propiedad del Distrito. | O33: NO* 2.3.1.01.01.001.07 | P33: Bonificación por servicios prestados | R33: 1.2.3.1.05.04 | S33: Impuesto de Alumbrado Público Liquidación Directa | AA33: 0401060 | AB33: Cuadros de Resultados para la temática construcción | AC33: 040106000 | AD33: Cuadros de Resultados para la temática construcción Producidos | AE33: Número
A34: MOVILIZADORES | I34: 61010040008 | J34: Subsistema de videovigilancia fortalecido y funcionando | L34: 61010020012-0304 | M34: A diciembre de 2027, se han realizado 4 acciones pedagógicas, artísticas y culturales para el fortalecimiento de buenas prácticas de Cultura Ciudadana en la comuna | O34: 2.3.1.01.01.001.07.01 | P34: Bonificación por servicios prestados Docente | R34: 1.2.3.1.12 | S34: Impuesto de espectáculos públicos nacional con destino al deporte | AA34: 0401061 | AB34: Bases de datos de la Temática Agropecuaria | AC34: 040106100 | AD34: Bases de datos de la Temática Agropecuaria Generadas | AE34: Número
A35: P.M.51010011: Área de Desarrollo Naranja Ciudad Inteligente – Ciudad Paraíso | I35: 61020010001 | J35: Personas formadas en el uso y apropiación de tecnologías de la información y las comunicaciones (TIC) en el Distrito de Santiago de Cali | L35: 61020030021-0305 | M35: A diciembre de 2027, se han vinculado 1890 Niñas, niños, adolescentes, jóvenes, adultos y adultos mayores (incluidos con discapacidad) a actividades deportivas y aprovechamiento del tiempo libre. | O35: 2.3.1.01.01.001.07.02 | P35: Bonificación por servicios prestados Directivo Docente | R35: 1.2.3.1.14 | S35: Sobretasa Bomberil | AA35: 0401062 | AB35: Bases de datos de la Temática Ambiental | AC35: 040106200 | AD35: Bases de datos de la Temática Ambiental Generadas | AE35: Número
A36: P.M.51010012: Lo Virtual: otra Dimensión de la Escuela | I36: 61020010002 | J36: Observatorio de educación en operación | L36: 61020030016-0306 | M36: A diciembre de 2027 se han realizado 7 eventos deportivos y recreativos en la comuna | O36: 2.3.1.01.01.001.07.03 | P36: Bonificación por servicios prestados Administrativo | R36: 1.2.3.1.14.01 | S36: Impuesto de Alumbrado Público - Predio Lotes | AA36: 0401064 | AB36: Bases de datos de la Temática de Comercio Interno | AC36: 040106400 | AD36: Bases de datos de la Temática de Comercio interno Generadas | AE36: Número
A37: P.M.51010013: Sistema Semafórico Inteligente | I37: 61020010003 | J37: Establecimientos educativos en operación | L37: 61020030011-0307 | M37: A diciembre de 2027, se han vinculado en procesos de educación informal del sector artistico y cultural a 1442 personas de diferentes grupos poblacionales de la comuna | O37: NO* 2.3.1.01.01.001.08 | P37: Prestaciones sociales | R37: 1.2.3.1.14.02 | S37: Impuesto de Alumbrado Público EMCALI y Otros Comercializadores | AA37: 0401065 | AB37: Bases de datos de la Temática de Construcción | AC37: 040106500 | AD37: Bases de datos de la Temática de Construcción Generadas | AE37: Número
A38: P.M.51020011: Área de Desarrollo Naranja Parque Pacífico: cultura, arte, música, gastronomía, artesanía y diseño. | I38: 61020010004 | J38: Estudiantes atendidos a traves de Metodologías Educativas Flexibles para la población en extraedad, educación formal de jóvenes y adultos y apoyo academico especial y emocional | L38: 61020030004-0308 | M38: A diciembre de 2027, se han realizado 7 eventos artísticos y culturales para promover la identidad y vocación cultural de la comuna | O38: NO* 2.3.1.01.01.001.08.01 | P38: Prima de navidad | R38: 1.2.3.1.14.03 | S38: Alumb Acdo 357 (10% navideño) | AA38: 0401066 | AB38: Bases de datos de la Temática de Cultura | AC38: 040106600 | AD38: Bases de datos de la Temática de Cultura Generadas | AE38: Número
A39: P.M.51020012: Área de Desarrollo Naranja Alameda de la Salsa | I39: 61020010005 | J39: Estudiantes de las IEO con apoyo financiero para el ingreso y permanencia a programas técnicos, técnico profesional, tecnólogicos y/o profesional | L39: 61020010018-0309 | M39: A diciembre de 2027, se ha realizado 9 intervención de adecuación o mantenimiento en sedes educativa pública de la comuna (previo concepto de viabilidad técnica) | O39: 2.3.1.01.01.001.08.01.01 | P39: Prima de Navidad Docente | R39: 1.2.3.1.14.04 | S39: Impuesto de Alumbrado Público Liquidación Directa | AA39: 0401068 | AB39: Bases de datos de la Temática de Educación | AC39: 040106800 | AD39: Bases de datos de la Temática de Educación Generadas | AE39: Número
A40: P.M.51020013: Parque Tecnológico de Innovación San Fernando | I40: 61020010006 | J40: Estudiantes de las Instituciones Educativas Oficiales beneficiados con estrategia de Transporte Escolar. | L40: 61020020017-0401 | M40: A diciembre de 2027, se han fortalecido 480 personas del ecosistema empresarial. | O40: 2.3.1.01.01.001.08.01.02 | P40: Prima de Navidad Directivo Docente | R40: 1.2.3.1.15 | S40: Sobretasa bomberil | AA40: 0401069 | AB40: Bases de datos de la Temática de Gobierno | AC40: 040106900 | AD40: Bases de datos de la Temática de Gobierno Generadas | AE40: Número
A41: P.M.51020021: Clúster del Deporte | I41: 61020010007 | J41: Estudiantes pertenecientes a grupos vulnerables atendidos con estrategias de educación inclusiva | L41: 61020020019-0402 | M41: A diciembre de 2027, se han formado 150 personas de la Comuna en competencias laborales para cierre de brechas. | O41: 2.3.1.01.01.001.08.01.03 | P41: Prima de Navidad Administrativo | R41: 1.2.3.1.17 | S41: Sobretasa de solidaridad servicios públicos acueducto, aseo y alcantarillado | AA41: 0401070 | AB41: Bases de datos de la Temática de Industria | AC41: 040107000 | AD41: Bases de datos de la Temática de Industria Generadas | AE41: Número
A42: P.M.51020022: Ciudad Médica | I42: 61020010008 | J42: Etapas para la formulación y adopción del plan decenal para el sector educativo | L42: 61020010001-0403 | M42: A diciembre de 2027, se han formado 100 personas de la Comuna en el uso y apropiación de tecnologías de la información y las comunicaciones (TIC) | O42: NO* 2.3.1.01.01.001.08.02 | P42: Prima de vacaciones | R42: 1.2.3.1.18 | S42: Sobretasa de solidaridad servicios públicos acueducto, aseo y alcantarillado | AA42: 0401071 | AB42: Bases de datos de la Temática de Precios y Costos | AC42: 040107100 | AD42: Bases de datos de la Temática de Precios y Costos Generadas | AE42: Número
A43: P.M.51030011: Juegos Panamericanos Junior | I43: 61020010009 | J43: IEO con estrategias de mejoramiento en competencias comunicativas de lengua extranjera | L43: 62010010014-0404 | M43: A diciembre de 2027, se ha realizado 3 intervenciones de adecuación o mantenimiento a escenarios deportivos y recreativos de la Comuna (previo concepto técnico). | O43: 2.3.1.01.01.001.08.02.01 | P43: Prima de Vacaciones Docente | R43: 1.2.3.1.18.01 | S43: Tasa Prodeporte 10% Alimentación y transporte | AA43: 0401072 | AB43: Bases de datos de la Temática de Servicios | AC43: 040107200 | AD43: Bases de datos de la Temática de Servicios Generadas | AE43: Número
A44: P.M.51030012: Parque de las Aves | I44: 61020010010 | J44: Instituciones Educativas Oficiales con implementación de la estrategia de atención integral en convivencia escolar | L44: 61020030021-0405 | M44: A diciembre de 2027, se han vinculado 1700 Niñas, niños, adolescentes, jóvenes, adultos y adultos mayores (incluidos con discapacidad) a actividades deportivas y aprovechamiento del tiempo libre. | O44: 2.3.1.01.01.001.08.02.02 | P44: Prima de Vacaciones Directivo Docente | R44: 1.2.3.1.18.02 | S44: Tasa Prodeporte 90% Manifestaciones deportivas y recreativas | AA44: 0401073 | AB44: Bases de datos de la Temática de Tecnología e Innovación | AC44: 040107300 | AD44: Bases de datos de la Temática de Tecnología e Innovación Generadas | AE44: Número
A45: P.M.51030013: Cali Ciudad Salsa | I45: 61020010011 | J45: Instituciones Educativas Oficiales con estrategias de innovación curricular | L45: 61020030016-0406 | M45: A diciembre de 2027 se han realizado 3 eventos deportivos y recreativos en la Comuna. | O45: 2.3.1.01.01.001.08.02.03 | P45: Prima de Vacaciones Administrativo | R45: 1.2.3.1.19.01 | S45: Estampilla procultura | AA45: 0401074 | AB45: Bases de datos de la Temática de Transporte | AC45: 040107400 | AD45: Bases de datos de la Temática de Transporte Generadas | AE45: Número
... A92: P.M.54030012: Escuela del Buen Gobierno | I92: 61020030021 | J92: Niñas, niños, adolescentes, jóvenes y adultos (incluidas personas con discapacidad) beneficiados con programa de altos logros deportivos. | L92: 62010030011-0808 | M92: A diciembre de 2027, se han intervenido 3.15 km de vía de la comuna 8. | O92: 2.3.1.01.02.009.03 | P92: Aportes a escuelas industriales e institutos técnicos Administrativo | R92: 1.2.3.2.09.06 | S92: Venta de Activos | AA92: 1202020 | AB92: Servicio de divulgación para promover el acceso a la Justicia | AC92: 120202000 | AD92: Campañas de divulgación ejecutadas | AE92: Número
A93: =IF(AND('[1] ACTIVIDADES PPTO PROYECTADA'!S10<>"",'[1] ACTIVIDADES PPTO PROYECTADA'!S10<>"No"),movilizador,"") -> #VALUE! | I93: 61020030022 | J93: Niñas, niños, adolescentes, jóvenes, adultos y adultos mayores (incluidos con discapacidad) vinculados a actividades deportivas y aprovechamiento del tiempo libre. | L93: 61020020017-0809 | M93: A diciembre de 2027, se han fortalecido 300 personas del ecosistema empresarial. | O93: NO* 2.3.1.01.03 | P93: Remuneraciones no constitutivas de factor salarial | R93: 1.2.3.2.10 | S93: Tasas retributivas | AA93: 1202021 | AB93: Servicio de educación informal para el acceso a la justicia | AC93: 120202100 | AD93: Eventos realizados | AE93: Número
I94: 61020030023 | J94: Niñas, niños, adolescentes, jóvenes, adultos y adultos mayores con discapacidad y sus cuidadores vinculados en procesos deportivos de formación. | L94: 61020020019-0810 | M94: A diciembre de 2027, se han formado 150 personas del corregimiento en competencias laborales para cierre de brechas. | O94: NO* 2.3.1.01.03.001 | P94: Prestaciones sociales | R94: 1.2.3.2.11 | S94: Tasas compensatorias | AA94: 1202023 | AB94: Servicio de asistencia técnica en la promoción y articulación de los servicios de justicia | AC94: 120202300 | AD94: Asistencias técnicas realizadas | AE94: Número
I95: 61020030024 | J95: Jornadas de ciclovía realizadas en Santiago de Cali. | L95: 61020010001-0811 | M95: A diciembre de 2027, se han formado 100 personas de la comuna en el uso y apropiación de tecnologías de la información y las comunicaciones (TIC) | O95: NO* 2.3.1.01.03.001.01 | P95: Vacaciones | R95: 1.2.3.2.15 | S95: Tasa por utilización de aguas subterránea y superficiales | AA95: 1202024 | AB95: Servicio de apoyo financiero para fortalecimiento de la justicia propia | AC95: 120202400 | AD95: Proyectos apoyados financieramente | AE95: Número
I96: 61020030025 | J96: Promoción deportiva a través de asistencias técnica o estímulos a ligas, clubes y deportistas. | L96: 61010020014-0812 | M96: A diciembre de 2027, se ha apoyado o creado 9 Iniciativas de promoción de la Cultura Ciudadana, la paz y la reconciliación en la comuna 8. | O96: 2.3.1.01.03.001.01.01 | P96: Vacaciones Docente | R96: 1.2.3.2.21.01 | S96: Otros derechos de Tránsito | AA96: 1202025 | AB96: Servicio de asistencia técnica en fortalecimiento de justicia propia | AC96: 120202500 | AD96: Asistencias técnicas en fortalecimiento de justicia propia realizadas | AE96: Número
I97: 61020030026 | J97: Estrategias de apropiación del destino implementadas. | L97: 61010020012-0813 | M97: A diciembre de 2027, se han realizado 12 acciones pedagógicas, artísticasy culturales para el fortalecimiento de buenas prácticas de Cultura Ciudadana en la comuna 8. | O97: 2.3.1.01.03.001.01.02 | P97: Vacaciones Directivo Docente | R97: 1.2.3.2.21.02 | S97: Cobros por Estacionamiento en Espacio Público o en Lotes de Parqueo | AA97: 1202026 | AB97: Servicio de atención de justicia itinerante | AC97: 120202600 | AD97: Jornadas móviles de justicia intinerante realizadas | AE97: Peso m/c
I98: 61020030027 | J98: Estrategias promoción y comunicación del destino implementadas. | L98: 61010020016-0814 | M98: A diciembre de 2027, participan 150 personas en procesos pedagógicos de derechos humanos, cultura ciudadana y construcción de paz en la comuna 8. | O98: 2.3.1.01.03.001.01.03 | P98: Vacaciones Administratvo | R98: 1.2.3.2.21.03 | S98: Derechos de Tránsito en Áreas Restringidas o de Alta Congestión | AA98: 1202027 | AB98: Servicio de asistencia técnica en transformación cultural para la adopción de modelos de gestión inclusivos en la justicia | AC98: 120202700 | AD98: Asistencias técnicas en transformación cultural realizadas | AE98: Número
I99: 61020030028 | J99: Espacios con vocación turistica dotados | L99: 63010010006-0815 | M99: A diciembre de 2027, se han intervenido 3 sedes comunales de propiedad del Distrito. | O99: NO* 2.3.1.01.03.001.03 | P99: Bonificación especial de recreación | R99: 1.2.3.2.21.04 | S99: Recursos Convenio Municipio CDAV | AA99: 1202028 | AB99: Servicio de acompañamiento técnico para el desarrollo y promoción en la formación jurídica | AC99: 120202800 | AD99: Estrategias de promoción en formación jurídica implementadas | AE99: Número
I100: 61020030029 | J100: Eventos turísticos de ciudad realizados | L100: 61020020017-0901 | M100: A diciembre de 2027, se han fortalecido 1200 personas del ecosistema empresarial. | O100: 2.3.1.01.03.001.03.03 | P100: Bonificación especial de recreación Administrativo | R100: 1.2.3.2.22.03 | S100: Expedición de Licencias de funcionamiento de establecimientos educativos para el trabajo y el desarrollo humano | AA100: 1202029 | AB100: Servicio de información para el monitoreo de los servicios de justicia implementado | AC100: 120202900 | AD100: Informes realizados | AE100: Número
I101: 61020030030 | J101: Experiencias turísticas innovadoras implementadas | L101: 61020010001-0902 | M101: A diciembre de 2027, se han formado 210 personas de la comuna en el uso y apropiación de tecnologías de la información y las comunicaciones (TIC) | O101: NO* 2.3.1.01.03.009 | P101: Prima técnica no salarial | R101: 1.2.3.2.22.04 | S101: Incentivo al Aprovechamiento y Tratamiento de Residuos Sólidos | AA101: 1202030 | AB101: Servicio de información para la promoción de los enfoques de la justicia inclusiva implementado | AC101: 120203000 | AD101: Informes realizados | AE101: Número
I102: 61020030031 | J102: Iniciativas de turismo para el desarrollo local fortalecidas. | L102: 61020030031-0903 | M102: A diciembre de 2027, se han apoyado 3 iniciativas de turismo de la comuna para el desarrollo local | O102: 2.3.1.01.03.009.03 | P102: Prima técnica no salarial Administrativo | R102: 1.2.3.2.22.05 | S102: Zonas verdes adquisicion terrenos | AA102: 1202031 | AB102: Servicio de educación informal para la gestión administrativa de justicia | AC102: 120203100 | AD102: Personas capacitadas | AE102: Número
I103: 61020030032 | J103: Observatorio turistico fortalecido | L103: 61020020019-0904 | M103: A diciembre de 2027, se han formado 450 personas de la comuna en competencias laborales para cierre de brechas. | O103: NO* 2.3.1.01.03.083 | P103: Auxilio de movilización | R103: 1.2.3.2.22.06 | S103: Tasa Compensación Arbórea | AA103: 1202032 | AB103: Servicio de articulación entre la Rama Ejecutiva y la Rama Judicial | AC103: 120203200 | AD103: Compromisos suscritos | AE103: Número
I104: 61020030033 | J104: Programas de formación y acompañamiento para desarrollar el turismo del destino implementados | L104: 61010020001-0905 | M104: A diciembre de 2027, se han asistido 300 Jóvenes, técnicamente en prácticas organizativas en el territorio. | O104: 2.3.1.01.03.083.01 | P104: Auxilio de movilización Docente | R104: 1.2.3.2.22.07 | S104: Contraprestación por el uso del espacio público | AA104: 1202033 | AB104: Servicio de promoción para la articulación entre las comunidades étnicas y el sistema judicial nacional | AC104: 120203300 | AD104: Espacios de articulación generados | AE104: Número
I105: 61020030034 | J105: Espectáculos visuales y luminosos anuales de alumbrado navideño implementados | L105: 61020060014-0906 | M105: A diciembre de 2027, se han beneficiado 600 personas mayores con servicios de atención integral en la comuna | O105: 2.3.1.01.03.083.02 | P105: Auxilio de movilización Directivo Docente | R105: 1.2.3.2.23.01 | S105: Sanciones por Violación de Normas - DAGMA | AA105: 1202034 | AB105: Servicio de información para el apoyo a la gestión de operadores de justicia implementado | AC105: 120203400 | AD105: Consultas atendidas | AE105: Número
... I181: 62010020008 | J181: Beneficiarios del programa Fondo de Solidaridad y Redistribución de Ingreso | L181: 62010040006-1414 | M181: A diciembre de 2027, se ha implementado 1 politica para provover la participación activa de la comuna en la generación y aplicación del conocimiento | O181: 2.3.1.02.02.003.05.05 | P181: Intereses de Cesantias Seguridad y Justicia | R181: 1.3.1.1.07.05 | S181: CUR 627/19 SSF - Recursos Emcali Conpes 3858/16 | AA181: 1702006 | AB181: Casas comunitarias campesinas restauradas | AC181: 170200600 | AD181: Casas comunitarias campesinas restauradas | AE181: Número
I182: 62010020009 | J182: Sistemas de agua potable y/o saneamiento básico en áreas rurales gestionados | L182: 62020010003-1415 | M182: A diciembre de 2027, se ha fortalecido 120 personas en la implementación de técnicas sostenibles para el aprovechamiento eficiente de los recursos naturales y materiales de la comuna | O182: NO* 2.3.1.02.02.003.06 | R182: 1.3.1.1.07.06 | S182: CUR 880/19 SSF - Recursos Emcali Conpes 3858/16 | AA182: 1702007 | AB182: Servicio de apoyo financiero para proyectos productivos | AC182: 170200700 | AD182: Proyectos productivos cofinanciados | AE182: Número
I183: 62010020010 | J183: Componentes de las plantas de tratamiento de aguas residuales ampliados u optimizados | L183: 61020030021-1501 | M183: A diciembre de 2027, se han vinculado 4.500 Niñas, niños, adolescentes, jóvenes, adultos y adultos mayores (incluidos con discapacidad) vinculados a actividades deportivas y aprovechamiento del tiempo libre. | O183: 2.3.1.02.02.003.06.01 | P183: Aportes De Cesantías Fondo Público Seguridad Y Justicia | R183: 1.3.1.1.07.07 | S183: CUR 881/19 SSF - Recursos Emcali Conpes 3858/16 | AA183: 1702008 | AB183: Servicio de apoyo financiero para educación en carreras agropecuarias o afines | AC183: 170200800 | AD183: Jóvenes rurales apoyados para el acceso a la educación superior en temas agropecuarios | AE183: Número
I184: 62010020011 | J184: Componentes del sistema de potabilización optimizados para asegurar el suministro de agua potable | L184: 62010010014-1502 | M184: A diciembre de 2027, se ha realizado 5 intervenciones de adecuación o mantenimiento a escenarios deportivos y recreativos de la comuna (previo concepto técnico). | O184: 2.3.1.02.02.003.06.02 | P184: Aportes De Cesantías Fondo Privado Seguridad Y Justicia | R184: 1.3.1.1.07.08 | S184: CUR 882/19 SSF - Recursos Emcali Conpes 3858/16 | AA184: 1702009 | AB184: Servicio de apoyo financiero para el acceso a activos productivos y de comercialización | AC184: 170200900 | AD184: Productores apoyados con activos productivos y de comercialización | AE184: Número
I185: 62010020012 | J185: Componentes del sistema de saneamiento y drenaje pluvial optimizado | L185: 61020030016-1503 | M185: A diciembre de 2027 se han realizado 3 eventos deportivos y recreativos en la comuna. | O185: 2.3.1.02.02.003.06.03 | P185: Aportes De Cesantías Definitivas Anualizado Seguridad Yjusticia | R185: 1.3.1.1.07.09 | S185: DPS - ALAMEDA | AA185: 1702010 | AB185: Servicio de asistencia técnica agropecuaria dirigida a pequeños productores | AC185: 170201000 | AD185: Pequeños productores rurales asistidos técnicamente | AE185: Número
I186: 62010020013 | J186: Redes de acueducto optimizadas | L186: 61020020017-1504 | M186: A diciembre de 2027, se han fortalecido 413 personas del ecosistema empresarial. | O186: NO* 2.3.1.02.02.004 | P186: Aportes a cajas de compensación familiar | R186: 1.3.1.1.07.10 | S186: CUR 040/17 Emcali SSF | AA186: 1702011 | AB186: Servicio de asesoría para el fortalecimiento de la asociatividad | AC186: 170201100 | AD186: Asociaciones fortalecidas | AE186: Número
I187: 62010020014 | J187: Redes de alcantarillado optimizadas | L187: 61020020019-1505 | M187: A diciembre de 2027, se han formado 210 personas del corregimiento en competencias laborales para cierre de brechas. | O187: 2.3.1.02.02.004.01 | P187: Aportes a cajas de compensación familiar Docente | R187: 1.3.1.1.07.11 | S187: Transferencia Fondo Especial de Vivienda | AA187: 1702012 | AB187: Servicio de educación informal en temas administrativos y de gestión financiera a pequeños productores | AC187: 170201200 | AD187: Formas organizativas capacitadas | AE187: Número
I188: 62010030001 | J188: Andenes intervenidos con criterios de accesibilidad | L188: 61020030031-1506 | M188: A diciembre de 2027, se han apoyado 3 iniciativas de turismo del corregimiento para el desarrollo local | O188: 2.3.1.02.02.004.04 | P188: Aportes a cajas de compensación familiar Movilidad | R188: 1.3.1.1.08.01 | S188: Fund for cities of services | AA188: 1702014 | AB188: Servicio de apoyo para el acceso a maquinaria y equipos | AC188: 170201400 | AD188: Productores beneficiados con acceso a maquinaria y equipo | AE188: Número
I189: 62010030002 | J189: Ciclo infraestructura construida | L189: 61020060010-1507 | M189: A diciembre de 2027, se han beneficiado 340 personas con discapacidad, sus familias y cuidadores con servicios de atención integral en la comuna | O189: 2.3.1.02.02.004.05 | P189: Aportes a Cajas de Compensación Familiar Seguridad Y Justicia | R189: 1.3.1.1.08.02 | S189: Resolución 1585/21 2da. Versión Premio Nacional de Biblioteca "Daniel Samper Ortega" 2021 | AA189: 1702016 | AB189: Servicio de apoyo para el fomento de la asociatividad | AC189: 170201600 | AD189: Asociaciones apoyadas | AE189: Número
I190: 62010030003 | J190: Ciclo infraestructura Intervenida | L190: 61020060014-1508 | M190: A diciembre de 2027, se han beneficiado 340 personas mayores con servicios de atención integral en la comuna | O190: NO* 2.3.1.02.02.005 | P190: Aportes generales al sistema de riesgos laborales | R190: 1.3.1.1.08.03 | S190: Resolución 2388/2022 Premio Nacional De Bibliotecas Públicas "Daniel Samper Ortega" 2022 | AA190: 1702017 | AB190: Servicio de apoyo para el fomento organizativo de la Agricultura Campesina, Familiar y Comunitaria | AC190: 170201700 | AD190: Productores agropecuarios apoyados | AE190: Número
I191: 62010030004 | J191: Estudios y Diseños para la intervención y desarrollo de infraestructura vial realizados | L191: 61020020003-1509 | M191: A diciembre de 2027, se han fortalecido 342 mujeres en procesos de participación politica, social y el desarrollo de capacidades que faciliten su autonomía económica en la comuna | O191: 2.3.1.02.02.005.04 | P191: Aportes generales al sistema de riesgos laborales Movilidad | R191: 1.3.1.1.09 | S191: Recuperación de cartera - préstamos | AA191: 1702018 | AB191: Documentos de lineamientos técnicos | AC191: 170201800 | AD191: Documentos de lineamientos técnicos elaborados | AE191: Número
I192: 62010030005 | J192: Frentes de trabajo de las 21 Megaobras mediante el sistema de contribución por valorización ejecutados | L192: 61010020012-1510 | M192: A diciembre de 2027, se han realizado 18 acciones pedagógicas, artísticasy culturales para el fortalecimiento de buenas prácticas de Cultura Ciudadana en la comuna | O192: 2.3.1.02.02.005.05 | P192: Aportes Generales al Sistema de Riesgos Laborales Seguridad Y Justicia | R192: 1.3.1.1.09.01 | S192: Recuperación de cartera Capital-préstamos-Fondo Solidario y de Oportunidades | AA192: 1702019 | AB192: Documentos metodológicos | AC192: 170201900 | AD192: Documentos metodológicos elaborados | AE192: Número
I193: 62010030006 | J193: Mantenimiento rutinario vías rurales realizados | L193: 63010010006-1511 | M193: A diciembre de 2027, se han intervenido 6 sedes comunales de propiedad del Distrito. | O193: NO* 2.3.1.02.02.006 | P193: Aportes al ICBF | R193: 1.3.1.1.09.02 | S193: Recuperación de cartera Intereses-préstamos-Fondo Solidario y de Oportunidades | AA193: 1702021 | AB193: Servicio de acompañamiento productivo y empresarial | AC193: 170202100 | AD193: Unidades productivas beneficiadas | AE193: Número
I194: 62010030007 | J194: Puentes construidos | L194: 61010020014-1512 | M194: A diciembre de 2027, se ha apoyado o creado 3 Iniciativas de promoción de la Cultura Ciudadana, la paz y la reconciliación en la comuna | O194: 2.3.1.02.02.006.01 | P194: Aportes al ICBF Docente | R194: 1.3.1.1.10.01 | S194: Retiros Fonpet-Para el pago de obligaciones pensionales corrientes | AA194: 1702022 | AB194: Estudios de preinversión | AC194: 170202200 | AD194: Estudios de preinversión realizados | AE194: Número
... I354: 63020020006 | J354: Archivo de la Alcaldía distrital de Santiago de Cali optimizado | L354: 61020050001-6002 | M354: A diciembre de 2027.se ha brindado asistencia técnica a 75 pequeños y medianos productores rurales en producción agroecologica sostenible, con enfoque diferencial y de género en el corregimiento. | O354: NO* 2.3.2.01.02 | P354: Objetos de valor | R354: 1.3.2.3.01.127 | S354: R.F. Crédito Banca de Fomento | AA354: 1709044 | AB354: Infraestructura de producción agrícola modificada | AC354: 170904400 | AD354: Infraestructura de producción agrícola modificada | AE354: Número
L355: 62020010021-6003 | M355: A diciembre de 2027, se han realizado 1 asistencias técnicas en la implementación de alternativas de aprovechamiento de residuos sólidos orgánicos en el corregimiento | O355: 2.3.2.01.02.001 | P355: Joyas y artículos conexos | R355: 1.3.2.3.01.128 | S355: R.F. Resolución 3241/18 Premio Nacional de Biblioteca "Daniel Samper Ortega" 2018 | AA355: 1709045 | AB355: Infraestructura de producción agrícola restaurada | AC355: 170904500 | AD355: Infraestructura de producción agrícola restaurada | AE355: Número
L356: 62010010014-6004 | M356: A diciembre de 2027, se ha realizado 2 intervenciones de adecuación o mantenimiento a escenarios deportivos y recreativos del corregimiento (previo concepto técnico). | O356: 2.3.2.01.02.002 | P356: Antigüedades u otros objetos de arte | R356: 1.3.2.3.02.01 | S356: R.F. Coljuegos 25% | AA356: 1709046 | AB356: Infraestructura de producción pecuaria adecuada | AC356: 170904600 | AD356: Infraestructura de producción pecuaria adecuada | AE356: Número
L357: 61020030016-6005 | M357: A diciembre de 2027 se han realizado 2 eventos deportivos y recreativos en el corregimiento. | O357: 2.3.2.01.02.003 | P357: Otros objetos valiosos | R357: 1.3.2.3.11.01 | S357: R.F. Coljuegos 25% | AA357: 1709047 | AB357: Infraestructura de producción pecuaria ampliada | AC357: 170904700 | AD357: Infraestructura de producción pecuaria ampliada | AE357: Número
L358: 61020030011-6006 | M358: A diciembre de 2027, se han vinculado en procesos de educación informal del sector artistico y cultural a 750 personas de diferentes grupos poblacionales del corregimiento. | O358: NO* 2.3.2.01.03 | P358: Activos no producidos | R358: 1.3.2.3.11.02 | S358: R.F. Reintegros Sobretasa Gasolina-Malla Vial | AA358: 1709048 | AB358: Infraestructura de producción pecuaria con reforzamiento estructural | AC358: 170904800 | AD358: Infraestructura de producción pecuaria con reforzamiento estructural | AE358: Número
L359: 61020030004-6007 | M359: A diciembre de 2027, se han realizado 3 eventos artísticos y culturales para promover la identidad y vocación cultural del corregimiento | O359: 2.3.2.01.03.001 | P359: Tierras y terrenos | R359: 1.3.2.3.11.03 | S359: R.F. Reintegro ICETEX (Recursos del Crédito) | AA359: 1709049 | AB359: Infraestructura de producción pecuaria construida | AC359: 170904900 | AD359: Infraestructura de producción pecuaria construida | AE359: Número
L360: 61020010016-6008 | M360: A diciembre de 2027, se ha beneficiado con 2 dotaciones a las sedes educativas oficiales del corregimiento | O360: 2.3.2.01.03.002 | P360: Recursos biológicos no cultivados | R360: 1.3.3.0.00.00 | S360: Recursos del Balance de libre destinación | AA360: 1709050 | AB360: Infraestructura de producción pecuaria modificada | AC360: 170905000 | AD360: Infraestructura de producción pecuaria modificada | AE360: Número
L361: 61020020017-6101 | M361: A diciembre de 2027, se han fortalecido 80 personas del ecosistema empresarial. | O361: NO* 2.3.2.02 | P361: Adquisiciones diferentes de activos | R361: 1.3.3.0.00.00 | S361: Recursos del Balance de libre destinación | AA361: 1709051 | AB361: Infraestructura de producción pecuaria restaurada | AC361: 170905100 | AD361: Infraestructura de producción pecuaria restaurada | AE361: Número
L362: 62010030011-6102 | M362: A diciembre de 2027, se han intervenido 0,9 km de vía del corregimiento | O362: NO* 2.3.2.02.01 | P362: Materiales y suministros | R362: 1.3.3.0.00.01 | S362: R.B. Servicios de expedición de permisos, conceptos ambientales | AA362: 1709052 | AB362: Infraestructura para el almacenamiento adecuada | AC362: 170905200 | AD362: Infraestructura para el almacenamiento adecuada | AE362: Número
L363: 62010030012-6103 | M363: A diciembre de 2027, se han construido 2,07 Km de obras de infraestructura hidraulica del corregimiento | O363: 2.3.2.02.01.000 | P363: Agricultura, silvicultura y productos de la pesca | R363: 1.3.3.0.00.02 | S363: R.B. contribucion y recargos valorización | AA363: 1709053 | AB363: Infraestructura para el almacenamiento ampliada | AC363: 170905300 | AD363: Infraestructura para el almacenamiento ampliada | AE363: Número
L364: 61020030011-6104 | M364: A diciembre de 2027, se han vinculado en procesos de educación informal del sector artistico y cultural a 220 personas de diferentes grupos poblacionales del corregimiento. | O364: 2.3.2.02.01.001 | P364: Minerales; electricidad, gas y agua | R364: 1.3.3.0.00.03 | S364: R.B. Impuesto de Circulación y Tránsito Sobre Vehículos de Servicio Público - S.I.T.MIO | AA364: 1709054 | AB364: Infraestructura para el almacenamiento con reforzamiento estructural | AC364: 170905400 | AD364: Infraestructura para el almacenamiento con reforzamiento estructural | AE364: Número
L365: 61020010018-6105 | M365: A diciembre de 2027, se ha realizado 4 intervención de adecuación o mantenimiento , en sede educativa pública del corregimiento (previo concepto de viabilidad técnica) | O365: 2.3.2.02.01.002 | P365: Productos alimenticios, bebidas y tabaco; textiles, prendas de vestir y productos de cuero | R365: 1.3.3.0.00.04 | S365: R.B. Conceptos técnicos aprovechamiento de las aguas subterráneas y superficiales | AA365: 1709055 | AB365: Infraestructura para el almacenamiento construida | AC365: 170905500 | AD365: Infraestructura para el almacenamiento construida | AE365: Número
L366: 61020010016-6106 | M366: A diciembre de 2027, se ha beneficiado con 3 dotaciones a las sedes educativas oficiales del corregimiento | O366: 2.3.2.02.01.003 | P366: Otros bienes transportables (excepto productos metálicos, maquinaria y equipo) | R366: 1.3.3.0.00.05 | S366: R.B. Sanciones por Violación de Normas - DAGMA | AA366: 1709057 | AB366: Infraestructura para el almacenamiento modificada | AC366: 170905700 | AD366: Infraestructura para el almacenamiento modificada | AE366: Número
... L399: 61020010018-6506 | M399: A diciembre de 2027, se ha realizado 1 intervención de adecuación o mantenimiento , en sede educativa pública del corregimiento (previo concepto de viabilidad técnica) | O399: 2.3.3.05.08 | P399: A esquemas asociativos | R399: 1.3.3.1.19.04 | S399: R.B. Estampilla procultura ley 1379/2010 (Red Nacional de bibliotecas 10%) | AA399: 1709090 | AB399: Terminal pesquero restructurado | AC399: 170909000 | AD399: Terminal pesquero restructurado | AE399: Número
O400: NO* 2.3.3.05.08.007 | P400: Regiones de Planeación y Gestión | R400: 1.3.3.1.19.05 | S400: R.B. Estampilla procultura acuerdo 232 (conservacion patrimonio cultural 5%) | AA400: 1709091 | AB400: Infraestructura de trapiche panelero construida y dotada | AC400: 170909100 | AD400: Trapiches paneleros construidos y dotados | AE400: Número
O401: 2.3.3.05.08.007.01 | P401: Autoridad Regional de Transporte - ART de la Aglomeración del Suroccidente de Colombia en el Valle del Cauca - ASOVC”. | R401: 1.3.3.1.19.06 | S401: R.B. Estampilla procultura acuerdo 0313 (fin inst popular de cultura 7% del 60%) | AA401: 1709092 | AB401: Infraestructura de trapiche panelero con mantenimiento | AC401: 170909200 | AD401: Trapiches paneleros con mantenimiento | AE401: Número
O402: NO* 2.3.3.05.09 | P402: A otras entidades del gobierno general | R402: 1.3.3.1.19.21 | S402: R.B. Estampilla para el bienestar del Adulto mayor, Vigencia Actual | AA402: 1709093 | AB402: Servicio de procesamiento de caña panelera | AC402: 170909300 | AD402: Trapiches paneleros con servicio de procesamiento de caña. | AE402: Número
O403: 2.3.3.05.09.045 | P403: Aseguramiento en salud S.S.F. (Leyes 100 de 1993, 1122 de 2007, 1393 de 2010, 1438 de 2011 y 1607 de 2012) | R403: 1.3.3.1.19.22 | S403: R.B. Estampilla para el bienestar del Adulto mayor (FONPET - 20%) | AA403: 1709094 | AB403: Servicio de beneficio de animales destinados para el consumo humano | AC403: 170909400 | AD403: Animales sacrificados | AE403: Número
O404: 2.3.3.05.09.053 | P404: Fondos de Servicios Educativos de las Instituciones de Preescolar, Básica y Media | R404: 1.3.3.1.19.41 | S404: R.B. Estampillas-Fond Pen | AA404: 1709095 | AB404: Plantas de beneficio animal con mantenimiento | AC404: 170909500 | AD404: Plantas de beneficio animal con mantenimiento | AE404: Número
O405: 2.3.3.05.09.054 | P405: A establecimientos públicos y unidades administrativas especiales | R405: 1.3.3.1.19.42 | S405: R.B. Estampilla Prodesarrollo Urbano (20% primera infancia) | AA405: 1709096 | AB405: Estudios de preinversión | AC405: 170909600 | AD405: Estudios de preinversión realizados | AE405: Número
O406: NO* 2.3.3.07 | P406: Prestaciones para cubrir riesgos sociales | R406: 1.3.3.1.19.43 | S406: R.B. Estampilla Prodesarrollo Urbano (10% bilinguismo Acuerdo 469/2019) | AA406: 1709097 | AB406: Estudios de preinversión para adecuación de tierras | AC406: 170909700 | AD406: Área con estudios de preinversión para adecuación de tierras elaborados | AE406: Hectáreas
O407: NO* 2.3.3.07.01 | P407: Prestaciones de asistencia social | R407: 1.3.3.1.19.44 | S407: R.B. Estampilla Prodesarrollo Urbano (10% Equidad de Genero) | AA407: 1709099 | AB407: Distritos de adecuación de tierras construidos y ampliados | AC407: 170909900 | AD407: Hectáreas con distritos de adecuación de tierras construidos y ampliados | AE407: Hectáreas
O408: 2.3.3.07.01.002 | P408: Transferencia a Colpensiones para administración beneficios económicos periódicos (de pensiones) | R408: 1.3.3.1.19.45 | S408: R.B. Estampilla Prodesarrollo Urbano (10% Afro ) | AA408: 1709100 | AB408: Distritos de adecuación de tierras rehabilitados, complementados y modernizados | AC408: 170910000 | AD408: Hectáreas con distritos de adecuación de tierras rehabilitados, complementados y modernizados | AE408: Hectáreas
O409: NO* 2.3.3.07.02 | P409: Prestaciones sociales relacionadas con el empleo | R409: 1.3.3.1.19.46 | S409: R.B. Estampilla Pro desarrollo10% Victimas de Conflicto Armado | AA409: 1709101 | AB409: Servicio de administración, operación y conservación de distritos de adecuación de tierras de propiedad del estado | AC409: 170910100 | AD409: Distritos de adecuación de tierras con servicio de Administración, Operación y Conservación | AE409: Número
O410: NO* 2.3.3.07.02.001 | P410: Mesadas pensionales (de pensiones) | R410: 1.3.3.1.19.47 | S410: R.B. Estampilla Prodesarrollo Urbano (5% Alimentacion escolar) | AA410: 1709102 | AB410: Servicio de acompañamiento a la prestación del servicio público de adecuación de tierras | AC410: 170910200 | AD410: Distritos de adecuación de tierras acompañados en la prestación del servicio público | AE410: Número
O411: 2.3.3.07.02.001.01 | P411: Mesadas pensionales con cargo a reservas (de pensiones) | R411: 1.3.3.1.19.48 | S411: R.B. Estampilla Prodesarrollo Urbano (5% Adulto mayor ) | AA411: 1709103 | AB411: Servicio de trámites legales de asociaciones de usuarios de distritos de adecuación de tierras | AC411: 170910300 | AD411: Trámites legales de asociaciones de usuarios realizados | AE411: Número
... O475: 2.3.8.05.01.001 | P475: Multas Superintendencias | R475: 1.3.3.12.05.04 | S475: R.B. R.F. Impuesto de Alumbrado Público EMCALI y Otros Comercializadores | AA475: 1905004 | AB475: Cementerios remodelados | AC475: 190500400 | AD475: Cementerios remodelados | AE475: Número
...

Sheet  ACTIVIDADES PPTO PROYECTADA
A9: Código BP | B9: BP-26005327 | D9: Código BPIN | F9: 2024760010068 | I9: Versión PPM: | K9: 000 | N9: Vigencia | P9: 2026 | R9: Meta PDD CC | W9: Programa PDD | X9: 6302001
I10: Versión PS: | K10: 000 | N10: Población Objetivo | P10: 2284252 | X10: =IF(X9=""," ",VLOOKUP(X9,Listados!$F:$G,2,0)) -> Fortalecimiento institucional
A11: Nombre del Proyecto | B11: MEJORAMIENTO DE LA GESTIÓN INSTITUCIONAL Y PRESTACIÓN DE SERVICIOS DE SALUD DE LA SECRETARÍA DE SALUD PÚBLICA DE SANTIAGO DE CALI | I11: Centro Gestor | K11: 4145 | L11: =IF(K11=""," ",VLOOKUP(K11,Listados!$C:$D,2,0)) -> Secretaría de Salud Pública | R11: Denominación Meta PDD CC | W11: Validador Programa PDD
R12: =IF(R10=""," ",VLOOKUP(R10,Listados!$L:$M,2,0)) | W12: {=IF(AND(COUNTIF(O15:O55, "<>")>0, SUMPRODUCT((ISNUMBER(VALUE(IFERROR(O15:O55, ""))))*(LEN(O15:O55)=11)*(LEFT(O15:O55, 7)=$X$9&""))=COUNTA(O15:O55)), "CORRECTO", "REVISAR META PDD")} -> CORRECTO
A14: Objetivo General | B14: Indicador Objetivo General | C14: Unidad de Medida | D14: Cantidad | E14: # Objetivo específico | F14: Objetivos Específicos | G14: Código MGA Producto | H14: # Producto | I14: Productos | J14: Código MGA Indicador Producto | K14: Indicador de Producto | L14: Unidad de Medida | M14: Cantidad | N14: % Ponderación Productos | O14: Meta Plan de Desarrollo | P14: Denominación Meta PDD | Q14: # Actividad | R14: Código Programa Presupuestario | S14: Actividades | T14: Ruta Crítica Si/No | U14: % Ponderación Actividad | V14: Código POSPRE | W14: Denominación POSPRE | X14: Código FONDO | Y14: Denominación FONDO | Z14: Valor Actividades | AA14: Modificación
A15: Mejorar la prestación de servicios en relación con la gestión institucional de la secretaria de salud púlica de Santiago de Cali | B15: Mejora en la prestación de servicios de la autoridad sanitaria | C15: Porcentaje | D15: 1 | E15: 1. | F15: Incrementar la eficiencia operativa y la calidad de los servicios sanitarios mediante el fortalecimiento de la trazabilidad de los procesos y la modernización de las instalaciones físicas | G15: 4599011 | H15: 1.1 | I15: =IF(G15=""," ",VLOOKUP(G15,Listados!$AA:$AE,2,0)) -> Sedes adecuadas | J15: =IF(G15=""," ",VLOOKUP(G15,Listados!$AA:$AE,3,0)) -> 459901100 | K15: =IF(G15=""," ",VLOOKUP(G15,Listados!$AA:$AE,4,0)) -> Sedes adecuadas | L15: =IF(G15=""," ",VLOOKUP(G15,Listados!$AA:$AE,5,0)) -> Número | M15: 2 | N15: 1 | O15: 63020010029 | P15: =IF(O15=""," ",VLOOKUP(O15,Listados!$I:$J,2,0)) -> Sedes de salud mejoradas y dotadas | Q15: 1.1.1 | R15: BP-26005327/1/01/01/09 | S15: Implementar sistemas de trazabilidad y gestión de información | T15: Si | U15: 0.1 | V15: 2.3.2.02.02.009 | W15: =IF(V15=""," ",VLOOKUP(V15,Listados!$O:$P,2,0)) -> Servicios para la comunidad, sociales y personales | X15: 1.2.3.2.28.01 | Y15: =IF(X15=""," ",VLOOKUP(X15,Listados!$R:$S,2,0)) -> Coljuegos 25% | Z15: 1231414080
R16: BP-26005327/1/01/01/13 | S16: Implementar sistemas de trazabilidad y gestión de información | T16: Si | U16: 0 | V16: 2.3.2.02.02.009 | W16: =IF(V16=""," ",VLOOKUP(V16,Listados!$O:$P,2,0)) -> Servicios para la comunidad, sociales y personales | X16: 1.2.1.0.00 | Y16: =IF(X16=""," ",VLOOKUP(X16,Listados!$R:$S,2,0)) -> Ingresos corrientes de Libre Destinación
R17: BP-26005327/1/01/01/19 | S17: Implementar sistemas de trazabilidad y gestión de información | T17: Si | U17: 0 | V17: 2.3.2.02.02.009 | W17: =IF(V17=""," ",VLOOKUP(V17,Listados!$O:$P,2,0)) -> Servicios para la comunidad, sociales y personales | X17: 1.3.2.3.01.03 | Y17: =IF(X17=""," ",VLOOKUP(X17,Listados!$R:$S,2,0)) -> R.F. C.M.O. Gastos Salud e Inv.
R18: BP-26005327/1/01/01/26 | S18: Implementar sistemas de trazabilidad y gestión de información | T18: Si | U18: 0 | V18: 2.3.2.02.02.009 | W18: =IF(V18=""," ",VLOOKUP(V18,Listados!$O:$P,2,0)) -> Servicios para la comunidad, sociales y personales | X18: 1.3.2.3.11.01 | Y18: =IF(X18=""," ",VLOOKUP(X18,Listados!$R:$S,2,0)) -> R.F. Coljuegos 25%
R19: BP-26005327/1/01/01/33 | S19: XXXXX | U19: 0 | W19: =IF(V19=""," ",VLOOKUP(V19,Listados!$O:$P,2,0))
Q20: 1.1.2 | R20: BP-26005327/1/01/01/53 | S20: Realizar mantenimiento preventivo y correctivo, y actualizar señalética | T20: No | U20: 0.12 | V20: 2.3.2.02.02.008 | W20: =IF(V20=""," ",VLOOKUP(V20,Listados!$O:$P,2,0)) -> Servicios prestados a las empresas y servicios de producción | X20: 1.3.2.3.11.01 | Y20: =IF(X20=""," ",VLOOKUP(X20,Listados!$R:$S,2,0)) -> R.F. Coljuegos 25% | Z20: 257022353
R21: BP-26005327/1/01/01/10 | S21: Realizar mantenimiento preventivo y correctivo, y actualizar señalética | T21: No | U21: 0.08 | V21: 2.3.2.02.02.008 | W21: =IF(V21=""," ",VLOOKUP(V21,Listados!$O:$P,2,0)) -> Servicios prestados a las empresas y servicios de producción | X21: 1.2.3.2.28.01 | Y21: =IF(X21=""," ",VLOOKUP(X21,Listados!$R:$S,2,0)) -> Coljuegos 25% | Z21: 189328656
R22: BP-26005327/1/01/01/08 | S22: Realizar mantenimiento preventivo y correctivo, y actualizar señalética | T22: No | U22: 0 | V22: 2.3.2.02.02.008 | W22: =IF(V22=""," ",VLOOKUP(V22,Listados!$O:$P,2,0)) -> Servicios prestados a las empresas y servicios de producción | X22: 1.2.1.0.00 | Y22: =IF(X22=""," ",VLOOKUP(X22,Listados!$R:$S,2,0)) -> Ingresos corrientes de Libre Destinación
R23: BP-26005327/1/01/01/34 | S23: Realizar mantenimiento preventivo y correctivo, y actualizar señalética | T23: No | U23: 0 | V23: 2.3.2.02.02.008 | W23: =IF(V23=""," ",VLOOKUP(V23,Listados!$O:$P,2,0)) -> Servicios prestados a las empresas y servicios de producción | X23: 1.3.3.4.22.01 | Y23: =IF(X23=""," ",VLOOKUP(X23,Listados!$R:$S,2,0)) -> R.B. Coljuegos 25%
Q24: 1.1.3 | R24: BP-26005327/1/01/01/07 | S24: Adquisición de equipos tecnológicos | T24: No | V24: 2.3.2.01.01.003.01.06 | W24: =IF(V24=""," ",VLOOKUP(V24,Listados!$O:$P,2,0)) -> Otras máquinas para usos generales y sus partes y piezas | X24: 1.2.1.0.00 | Y24: =IF(X24=""," ",VLOOKUP(X24,Listados!$R:$S,2,0)) -> Ingresos corrientes de Libre Destinación
R25: BP-26005327/1/01/01/20 | S25: Adquisición de equipos tecnológicos | T25: No | V25: 2.3.2.01.01.003.01.06 | W25: =IF(V25=""," ",VLOOKUP(V25,Listados!$O:$P,2,0)) -> Otras máquinas para usos generales y sus partes y piezas | X25: 1.2.3.2.28.01 | Y25: =IF(X25=""," ",VLOOKUP(X25,Listados!$R:$S,2,0)) -> Coljuegos 25%
R26: BP-26005327/1/01/01/35 | S26: Adquisición de equipos tecnológicos | T26: No | V26: 2.3.2.01.01.003.01.06 | W26: =IF(V26=""," ",VLOOKUP(V26,Listados!$O:$P,2,0)) -> Otras máquinas para usos generales y sus partes y piezas | X26: 1.3.3.4.22.01 | Y26: =IF(X26=""," ",VLOOKUP(X26,Listados!$R:$S,2,0)) -> R.B. Coljuegos 25%
R27: BP-26005327/1/01/01/36 | S27: Adquisición de equipos tecnológicos | T27: No | V27: 2.3.2.01.01.003.05.03 | W27: =IF(V27=""," ",VLOOKUP(V27,Listados!$O:$P,2,0)) -> Radiorreceptores y receptores de televisión; aparatos para la grabación y reproducción de sonido y video; micrófonos, altavoces, amplificadores, etc. | X27: 1.3.3.4.22.01 | Y27: =IF(X27=""," ",VLOOKUP(X27,Listados!$R:$S,2,0)) -> R.B. Coljuegos 25%
R28: BP-26005327/1/01/01/37 | S28: XXXXX | W28: =IF(V28=""," ",VLOOKUP(V28,Listados!$O:$P,2,0)) | Y28: =IF(X28=""," ",VLOOKUP(X28,Listados!$R:$S,2,0))
R29: BP-26005327/1/01/01/38 | S29: Adquisición de equipos tecnológicos | T29: No | V29: 2.3.2.02.01.004 | W29: =IF(V29=""," ",VLOOKUP(V29,Listados!$O:$P,2,0)) -> Productos metálicos y paquetes de software | X29: 1.3.3.4.22.01 | Y29: =IF(X29=""," ",VLOOKUP(X29,Listados!$R:$S,2,0)) -> R.B. Coljuegos 25%
Q30: 1.1.4 | R30: BP-26005327/1/01/01/06 | S30: Adquisición de suministros y equipos para la prestacion de servicios | T30: No | U30: 0.02 | V30: 2.3.2.02.01.002 | W30: =IF(V30=""," ",VLOOKUP(V30,Listados!$O:$P,2,0)) -> Productos alimenticios, bebidas y tabaco; textiles, prendas de vestir y productos de cuero | X30: 1.2.3.2.28.01 | Y30: =IF(X30=""," ",VLOOKUP(X30,Listados!$R:$S,2,0)) -> Coljuegos 25% | Z30: 21500000
R31: BP-26005327/1/01/01/02 | S31: Adquisición de suministros y equipos para la prestacion de servicios | T31: No | U31: 0.04 | V31: 2.3.2.02.01.003 | W31: =IF(V31=""," ",VLOOKUP(V31,Listados!$O:$P,2,0)) -> Otros bienes transportables (excepto productos metálicos, maquinaria y equipo) | X31: 1.2.3.2.28.01 | Y31: =IF(X31=""," ",VLOOKUP(X31,Listados!$R:$S,2,0)) -> Coljuegos 25% | Z31: 0
R32: BP-26005327/1/01/01/01 | S32: Adquisición de suministros y equipos para la prestacion de servicios | T32: No | U32: 0.04 | V32: 2.3.2.02.01.004 | W32: =IF(V32=""," ",VLOOKUP(V32,Listados!$O:$P,2,0)) -> Productos metálicos y paquetes de software | X32: 1.2.3.2.28.01 | Y32: =IF(X32=""," ",VLOOKUP(X32,Listados!$R:$S,2,0)) -> Coljuegos 25% | Z32: 147283270
R33: BP-26005327/1/01/01/11 | S33: Adquisición de suministros y equipos para la prestacion de servicios | T33: No | U33: 0 | V33: 2.3.2.02.01.004 | W33: =IF(V33=""," ",VLOOKUP(V33,Listados!$O:$P,2,0)) -> Productos metálicos y paquetes de software | X33: 1.3.3.4.22.01 | Y33: =IF(X33=""," ",VLOOKUP(X33,Listados!$R:$S,2,0)) -> R.B. Coljuegos 25%
R34: BP-26005327/1/01/01/14 | S34: Adquisición de suministros y equipos para la prestacion de servicios | T34: No | U34: 0 | V34: 2.3.2.02.01.002 | W34: =IF(V34=""," ",VLOOKUP(V34,Listados!$O:$P,2,0)) -> Productos alimenticios, bebidas y tabaco; textiles, prendas de vestir y productos de cuero | X34: 1.2.1.0.00 | Y34: =IF(X34=""," ",VLOOKUP(X34,Listados!$R:$S,2,0)) -> Ingresos corrientes de Libre Destinación
R35: BP-26005327/1/01/01/15 | S35: Adquisición de suministros y equipos para la prestacion de servicios | T35: No | U35: 0 | V35: 2.3.2.02.01.003 | W35: =IF(V35=""," ",VLOOKUP(V35,[2]Listados!$O:$P,2,0)) -> Otros bienes transportables (excepto productos metálicos, maquinaria y equipo) | X35: 1.2.1.0.00 | Y35: =IF(X35=""," ",VLOOKUP(X35,[2]Listados!$R:$S,2,0)) -> Ingresos corrientes de Libre Destinación
R36: BP-26005327/1/01/01/16 | S36: Adquisición de suministros y equipos para la prestacion de servicios | T36: No | U36: 0 | V36: 2.3.2.02.01.004 | W36: =IF(V36=""," ",VLOOKUP(V36,[2]Listados!$O:$P,2,0)) -> Productos metálicos y paquetes de software | X36: 1.2.1.0.00 | Y36: =IF(X36=""," ",VLOOKUP(X36,[2]Listados!$R:$S,2,0)) -> Ingresos corrientes de Libre Destinación
R37: BP-26005327/1/01/01/24 | S37: Adquisición de suministros y equipos para la prestacion de servicios | T37: No | U37: 0 | V37: 2.3.2.02.01.003 | W37: =IF(V37=""," ",VLOOKUP(V37,[2]Listados!$O:$P,2,0)) -> Otros bienes transportables (excepto productos metálicos, maquinaria y equipo) | X37: 1.2.3.2.28.01 | Y37: =IF(X37=""," ",VLOOKUP(X37,[2]Listados!$R:$S,2,0)) -> Coljuegos 25% | Z37: 190000000
R38: BP-26005327/1/01/01/25 | S38: Adquisición de suministros y equipos para la prestacion de servicios | T38: No | U38: 0 | V38: 2.3.2.02.01.004 | W38: =IF(V38=""," ",VLOOKUP(V38,[2]Listados!$O:$P,2,0)) -> Productos metálicos y paquetes de software | X38: 1.2.3.2.28.01 | Y38: =IF(X38=""," ",VLOOKUP(X38,[2]Listados!$R:$S,2,0)) -> Coljuegos 25%
R39: BP-26005327/1/01/01/39 | S39: Adquisición de suministros y equipos para la prestacion de servicios | T39: No | U39: 0 | V39: 2.3.2.02.01.002 | W39: =IF(V39=""," ",VLOOKUP(V39,[2]Listados!$O:$P,2,0)) -> Productos alimenticios, bebidas y tabaco; textiles, prendas de vestir y productos de cuero | X39: 1.3.3.4.22.01 | Y39: =IF(X39=""," ",VLOOKUP(X39,[2]Listados!$R:$S,2,0)) -> R.B. Coljuegos 25%
R40: BP-26005327/1/01/01/40 | S40: Adquisición de suministros y equipos para la prestacion de servicios | T40: No | U40: 0.1 | V40: 2.3.2.01.01.003.01.06 | W40: =IF(V40=""," ",VLOOKUP(V40,Listados!$O:$P,2,0)) -> Otras máquinas para usos generales y sus partes y piezas | X40: 1.2.1.0.00 | Y40: =IF(X40=""," ",VLOOKUP(X40,Listados!$R:$S,2,0)) -> Ingresos corrientes de Libre Destinación | Z40: 120850000
R41: BP-26005327/1/01/01/41 | S41: Adquisición de suministros y equipos para la prestacion de servicios | T41: No | U41: 0.1 | V41: 2.3.2.01.01.003.04.01 | W41: =IF(V41=""," ",VLOOKUP(V41,Listados!$O:$P,2,0)) -> Motores, generadores y transformadores eléctricos y sus partes y piezas | X41: 1.3.2.3.11.01 | Y41: =IF(X41=""," ",VLOOKUP(X41,Listados!$R:$S,2,0)) -> R.F. Coljuegos 25% | Z41: 30000000
R42: BP-26005327/1/01/01/42 | S42: Adquisición de suministros y equipos para la prestacion de servicios | T42: No | U42: 0 | V42: 2.3.2.01.01.003.04.01 | W42: =IF(V42=""," ",VLOOKUP(V42,[2]Listados!$O:$P,2,0)) -> Motores, generadores y transformadores eléctricos y sus partes y piezas | X42: 1.3.3.4.22.01 | Y42: =IF(X42=""," ",VLOOKUP(X42,[2]Listados!$R:$S,2,0)) -> R.B. Coljuegos 25%
R43: BP-26005327/1/01/01/43 | S43: Adquisición de suministros y equipos para la prestacion de servicios | T43: No | U43: 0 | V43: 2.3.2.01.01.003.04.01 | W43: =IF(V43=""," ",VLOOKUP(V43,[2]Listados!$O:$P,2,0)) -> Motores, generadores y transformadores eléctricos y sus partes y piezas | X43: F.1.3.3.4.22.01 | Y43: =IF(X43=""," ",VLOOKUP(X43,[2]Listados!$R:$S,2,0)) -> R.B. R.F. Coljuegos 25%
Q44: 1.1.5 | R44: BP-26005327/1/01/01/21 | S44: Gestionar el mantenimiento y operación de vehículos para el desplazamientos en terreno | T44: No | U44: 0.05 | V44: 2.3.2.02.02.008 | W44: =IF(V44=""," ",VLOOKUP(V44,Listados!$O:$P,2,0)) -> Servicios prestados a las empresas y servicios de producción | X44: 1.2.3.2.28.01 | Y44: =IF(X44=""," ",VLOOKUP(X44,Listados!$R:$S,2,0)) -> Coljuegos 25% | Z44: 179000000
R45: BP-26005327/1/01/01/05 | S45: Gestionar el mantenimiento y operación de vehículos para el desplazamientos en terreno | T45: No | U45: 0.05 | V45: 2.3.2.02.02.008 | W45: =IF(V45=""," ",VLOOKUP(V45,Listados!$O:$P,2,0)) -> Servicios prestados a las empresas y servicios de producción | X45: 1.2.1.0.00 | Y45: =IF(X45=""," ",VLOOKUP(X45,Listados!$R:$S,2,0)) -> Ingresos corrientes de Libre Destinación | Z45: 133000000
Q46: 1.1.6 | R46: BP-26005327/1/01/01/04 | S46: Realizar la modernización de la infraestructura física de las sedes de la autoridad sanitaria | T46: Si | U46: 0.06 | V46: 2.3.2.01.01.001.03.19 | W46: =IF(V46=""," ",VLOOKUP(V46,Listados!$O:$P,2,0)) -> Otras obras de ingeniería civil | X46: 1.2.1.0.00 | Y46: =IF(X46=""," ",VLOOKUP(X46,Listados!$R:$S,2,0)) -> Ingresos corrientes de Libre Destinación | Z46: 240183920
R47: BP-26005327/1/01/01/32 | S47: Realizar la modernización de la infraestructura física de las sedes de la autoridad sanitaria | T47: Si | U47: 0.06 | V47: 2.3.2.02.02.008 | W47: =IF(V47=""," ",VLOOKUP(V47,Listados!$O:$P,2,0)) -> Servicios prestados a las empresas y servicios de producción | X47: 1.2.1.0.00 | Y47: =IF(X47=""," ",VLOOKUP(X47,Listados!$R:$S,2,0)) -> Ingresos corrientes de Libre Destinación | Z47: 5966080
R48: BP-26005327/1/01/01/12 | S48: Realizar la modernización de la infraestructura física de las sedes de la autoridad sanitaria | T48: Si | U48: 0.06 | V48: 2.3.2.01.01.001.03.19 | W48: =IF(V48=""," ",VLOOKUP(V48,Listados!$O:$P,2,0)) -> Otras obras de ingeniería civil | X48: 1.2.3.2.28.01 | Y48: =IF(X48=""," ",VLOOKUP(X48,Listados!$R:$S,2,0)) -> Coljuegos 25% | Z48: 17405032
R49: BP-26005327/1/01/01/54 | S49: Realizar la modernización de la infraestructura física de las sedes de la autoridad sanitaria | T49: Si | U49: 0.06 | V49: 2.3.2.01.01.001.03.19 | W49: =IF(V49=""," ",VLOOKUP(V49,Listados!$O:$P,2,0)) -> Otras obras de ingeniería civil | X49: 1.3.2.3.11.01 | Y49: =IF(X49=""," ",VLOOKUP(X49,Listados!$R:$S,2,0)) -> R.F. Coljuegos 25% | Z49: 172693116
R50: BP-26005327/1/01/01/55 | S50: Realizar la modernización de la infraestructura física de las sedes de la autoridad sanitaria | T50: Si | U50: 0.06 | V50: 2.3.2.02.02.008 | W50: =IF(V50=""," ",VLOOKUP(V50,Listados!$O:$P,2,0)) -> Servicios prestados a las empresas y servicios de producción | X50: 1.3.2.3.11.01 | Y50: =IF(X50=""," ",VLOOKUP(X50,Listados!$R:$S,2,0)) -> R.F. Coljuegos 25% | Z50: 58433920
R51: BP-26005327/1/01/01/52 | S51: Realizar la modernización de la infraestructura física de las sedes de la autoridad sanitaria | T51: Si | U51: 0 | V51: 2.3.2.02.02.008 | W51: =IF(V51=""," ",VLOOKUP(V51,[2]Listados!$O:$P,2,0)) -> Servicios prestados a las empresas y servicios de producción | X51: 1.3.2.3.01.03 | Y51: =IF(X51=""," ",VLOOKUP(X51,[2]Listados!$R:$S,2,0)) -> R.F. C.M.O. Gastos Salud e Inv.
R52: BP-26005327/1/01/01/27 | S52: Realizar la modernización de la infraestructura física de las sedes de la autoridad sanitaria | T52: Si | U52: 0 | V52: 2.3.2.01.01.001.03.19 | W52: =IF(V52=""," ",VLOOKUP(V52,[2]Listados!$O:$P,2,0)) -> Otras obras de ingeniería civil | X52: 1.3.2.3.01.03 | Y52: =IF(X52=""," ",VLOOKUP(X52,[2]Listados!$R:$S,2,0)) -> R.F. C.M.O. Gastos Salud e Inv.
R53: BP-26005327/1/01/01/44 | S53: Realizar la modernización de la infraestructura física de las sedes de la autoridad sanitaria | T53: Si | U53: 0 | V53: 2.3.2.02.02.008 | W53: =IF(V53=""," ",VLOOKUP(V53,[2]Listados!$O:$P,2,0)) -> Servicios prestados a las empresas y servicios de producción | X53: 1.3.3.4.22.01 | Y53: =IF(X53=""," ",VLOOKUP(X53,[2]Listados!$R:$S,2,0)) -> R.B. Coljuegos 25%
R54: BP-26005327/1/01/01/45 | S54: Realizar la modernización de la infraestructura física de las sedes de la autoridad sanitaria | T54: Si | U54: 0 | V54: 2.3.2.01.01.001.03.19 | W54: =IF(V54=""," ",VLOOKUP(V54,[2]Listados!$O:$P,2,0)) -> Otras obras de ingeniería civil | X54: 1.3.3.4.22.01 | Y54: =IF(X54=""," ",VLOOKUP(X54,[2]Listados!$R:$S,2,0)) -> R.B. Coljuegos 25%
Q55: 1.1.7 | R55: BP-26005327/1/01/01/03 | S55: Dotar de mobiliario las Sedes de la Secretaria de Salud | T55: Si | U55: 0 | V55: 2.3.2.01.01.004.01.01.02 | W55: =IF(V55=""," ",VLOOKUP(V55,[2]Listados!$O:$P,2,0)) -> Muebles del tipo utilizado en la oficina | X55: 1.3.3.4.22.01 | Y55: =IF(X55=""," ",VLOOKUP(X55,[2]Listados!$R:$S,2,0)) -> R.B. Coljuegos 25% | Z55: 0
R56: BP-26005327/1/01/01/17 | S56: Dotar de mobiliario las Sedes de la Secretaria de Salud | T56: Si | U56: 0 | V56: 2.3.2.01.01.004.01.01.02 | W56: =IF(V56=""," ",VLOOKUP(V56,[2]Listados!$O:$P,2,0)) -> Muebles del tipo utilizado en la oficina | X56: 1.2.1.0.00 | Y56: =IF(X56=""," ",VLOOKUP(X56,[2]Listados!$R:$S,2,0)) -> Ingresos corrientes de Libre Destinación
R57: BP-26005327/1/01/01/22 | S57: Dotar de mobiliario las Sedes de la Secretaria de Salud | T57: Si | U57: 0 | V57: 2.3.2.01.01.004.01.01.02 | W57: =IF(V57=""," ",VLOOKUP(V57,[2]Listados!$O:$P,2,0)) -> Muebles del tipo utilizado en la oficina | X57: 1.3.2.3.11.01 | Y57: =IF(X57=""," ",VLOOKUP(X57,[2]Listados!$R:$S,2,0)) -> R.F. Coljuegos 25%
R58: BP-26005327/1/01/01/23 | S58: Dotar de mobiliario las Sedes de la Secretaria de Salud | T58: Si | U58: 0 | V58: 2.3.2.01.01.004.01.01.02 | W58: =IF(V58=""," ",VLOOKUP(V58,[2]Listados!$O:$P,2,0)) -> Muebles del tipo utilizado en la oficina | X58: 1.2.3.2.28.01 | Y58: =IF(X58=""," ",VLOOKUP(X58,[2]Listados!$R:$S,2,0)) -> Coljuegos 25%
Q59: 1.1.8 | R59: BP-26005327/1/01/01/18 | S59: Contribuir a la ejecución del plan de adecuación de medios físicos y tecnológicos requeridos para la prestación de servicios | T59: No | U59: 0 | V59: 2.3.2.02.02.007 | W59: =IF(V59=""," ",VLOOKUP(V59,Listados!$O:$P,2,0)) -> Servicios financieros y servicios conexos, servicios inmobiliarios y servicios de leasing | X59: 1.2.1.0.00 | Y59: =IF(X59=""," ",VLOOKUP(X59,[2]Listados!$R:$S,2,0)) -> Ingresos corrientes de Libre Destinación | Z59: 0
Q60: 1.1.9 | R60: BP-26005327/1/01/01/28 | S60: Adquirir dispositivos médicos | T60: No | U60: 0 | V60: 2.3.2.02.01.004 | W60: =IF(V60=""," ",VLOOKUP(V60,Listados!$O:$P,2,0)) -> Productos metálicos y paquetes de software | X60: 1.3.2.3.01.03 | Y60: =IF(X60=""," ",VLOOKUP(X60,[2]Listados!$R:$S,2,0)) -> R.F. C.M.O. Gastos Salud e Inv. | Z60: 0
Q61: 1.1.10 | R61: BP-26005327/1/01/01/29 | S61: Adquirir bienes que respalden las acciones de prevención y control que realiza la autoridad sanitaria | T61: No | U61: 0 | V61: 2.3.2.01.01.003.07.07.01 | W61: =IF(V61=""," ",VLOOKUP(V61,Listados!$O:$P,2,0)) -> Motocicletas y sidecares (vehículos laterales a las motocicletas) | X61: 1.3.2.3.01.03 | Y61: =IF(X61=""," ",VLOOKUP(X61,[2]Listados!$R:$S,2,0)) -> R.F. C.M.O. Gastos Salud e Inv. | Z61: 0
Q62: 1.1.11 | R62: BP-26005327/1/01/01/30 | S62: Adquirir bienes necesarios para facilitar los recorridos de articulación institucional en salud en las zonas rurales y urbanas de Cali | T62: No | U62: 0 | V62: 2.3.2.01.01.003.07.01 | W62: =IF(V62=""," ",VLOOKUP(V62,[2]Listados!$O:$P,2,0)) -> Vehículos automotores, remolques y semirremolques; y sus partes, piezas y accesorios | X62: 1.2.1.0.00 | Y62: =IF(X62=""," ",VLOOKUP(X62,[2]Listados!$R:$S,2,0)) -> Ingresos corrientes de Libre Destinación
R63: BP-26005327/1/01/01/31 | S63: Adquirir bienes necesarios para facilitar los recorridos de articulación institucional en salud en las zonas rurales y urbanas de Cali | T63: No | U63: 0 | V63: 2.3.2.01.01.003.07.01 | W63: =IF(V63=""," ",VLOOKUP(V63,[2]Listados!$O:$P,2,0)) -> Vehículos automotores, remolques y semirremolques; y sus partes, piezas y accesorios | X63: 1.3.2.3.01.03 | Y63: =IF(X63=""," ",VLOOKUP(X63,[2]Listados!$R:$S,2,0)) -> R.F. C.M.O. Gastos Salud e Inv.
R64: BP-26005327/1/01/01/46 | S64: XXXXX | U64: 0 | W64: =IF(V64=""," ",VLOOKUP(V64,[2]Listados!$O:$P,2,0)) | Y64: =IF(X64=""," ",VLOOKUP(X64,[2]Listados!$R:$S,2,0))
Q65: 1.1.12 | R65: BP-26005327/1/01/01/47 | S65: Mejoramiento de la gestión institucional y prestación de servicios de salud de la secretaría de salud pública de Santiago de Cali BP26005327 - Pago de pasivos exigibles | T65: No | U65: 0 | V65: 2.3.2.02.01.003 | W65: =IF(V65=""," ",VLOOKUP(V65,[2]Listados!$O:$P,2,0)) -> Otros bienes transportables (excepto productos metálicos, maquinaria y equipo) | X65: 1.3.3.4.22.01 | Y65: =IF(X65=""," ",VLOOKUP(X65,[2]Listados!$R:$S,2,0)) -> R.B. Coljuegos 25%
R66: BP-26005327/1/01/01/48 | S66: Mejoramiento de la gestión institucional y prestación de servicios de salud de la secretaría de salud pública de Santiago de Cali BP26005327 - Pago de pasivos exigibles | T66: No | U66: 0 | V66: 2.3.2.02.01.004 | W66: =IF(V66=""," ",VLOOKUP(V66,[2]Listados!$O:$P,2,0)) -> Productos metálicos y paquetes de software | X66: 1.3.3.4.22.01 | Y66: =IF(X66=""," ",VLOOKUP(X66,[2]Listados!$R:$S,2,0)) -> R.B. Coljuegos 25%
Q67: 1.1.13 | R67: BP-26005327/1/01/01/49 | S67: XXXXX | U67: 0 | W67: =IF(V67=""," ",VLOOKUP(V67,[2]Listados!$O:$P,2,0)) | Y67: =IF(X67=""," ",VLOOKUP(X67,[2]Listados!$R:$S,2,0))
R68: BP-26005327/1/01/01/50 | S68: XXXXX | U68: 0 | W68: =IF(V68=""," ",VLOOKUP(V68,[2]Listados!$O:$P,2,0)) | Y68: =IF(X68=""," ",VLOOKUP(X68,[2]Listados!$R:$S,2,0))
R69: BP-26005327/1/01/01/51 | S69: Apoyar las acciones de logística y transporte para la prestación de servicios de la autoridad sanitaria | T69: No | U69: 0 | V69: 2.3.2.02.02.006 | W69: =IF(V69=""," ",VLOOKUP(V69,[2]Listados!$O:$P,2,0)) -> Servicios de alojamiento; servicios de suministro de comidas y bebidas; servicios de transporte; y servicios de distribución de electricidad, gas y agua | X69: 1.3.3.4.22.01 | Y69: =IF(X69=""," ",VLOOKUP(X69,[2]Listados!$R:$S,2,0)) -> R.B. Coljuegos 25%
A70: TOTALES | Y70: Total Valor Actividades | Z70: =SUM(Z15:Z69) -> 2994080427 | AA70: =SUM(AA15:AA55) -> 0

Sheet DETALLE POBLACIÓN PROYECTADA
J11: Modificación
B12: DETALLE DE POBLACIÓN OBJETIVO
B14: Ubicación general | C14: Localización específica | D14: Detalle de la Población | E14: Año 0 | F14: Año 1 | G14: Año 2 | H14: Año 3 | I14: Año 4
B15: Población General de Santiago de Cali | C15: Distrito de Santiago de Cali | D15: Mujeres | E15: 1219574 | F15: 1220243 | G15: 1220070 | H15: 1219276 | I15: 1218250
D16: Hombres | E16: 1064272 | F16: 1064856 | G16: 1064705 | H16: 1064012 | I16: 1063117
D17: Ambos Sexos | E17: =E15+E16 -> 2283846 | F17: =F15+F16 -> 2285099 | G17: =G15+G16 -> 2284775 | H17: =H15+H16 -> 2283288 | I17: =I15+I16 -> 2281367
C18: TOTAL | E18: =+E17 -> 2283846 | F18: =+F17 -> 2285099 | G18: =+G17 -> 2284775 | H18: =+H17 -> 2283288 | I18: 2281367
B21: CLASIFICADOR DE LA INVERSIÓN
B23: Sector | C23: 45-Gobierno territorial
B24: Articulación con Política Pública No.1
B25: Articulación con Política Pública No.2
B26: Articulación con Política Pública No.3
B27: Gasto Público Social
B28: Grupo vulnerable
B29: Atiende situación excepcional en el territorio? | C29: Ninguna | E29: =IF(C29="Ninguna","",IF(C29="","","Cual?"))
B30: Es proyecto movilizador? | C30: No | D30: =IF(C30="SI","Código de proyecto movilizador","")

Sheet PPTO DETALLADO  AÑOXXX
